 Dungeon Crawl Stone Soup version 0.24-a0-479-g9a978d2894 (webtiles) character file.

Game seed: 16478457364221377780

995740 Peloso the Minotaur Barricade (level 27, -3/273 HPs)
             Began as a Minotaur Fighter on July 6, 2019.
             Was the Champion of Okawaru.
             Slain by a shambling mangrove (9 damage)
             ... on level 24 of a ziggurat on July 8, 2019.
             The game lasted 07:51:40 (102636 turns).

Peloso the Minotaur Barricade (Minotaur Fighter)  Turns: 102636, Time: 07:51:41

Health: -3/273     AC: 43    Str: 33    XL:     27
Magic:  39/39      EV: 18    Int:  2    God:    Okawaru [******]
Gold:   5912       SH: 14    Dex: 15    Spells: 32/32 levels left

rFire    + . .     SeeInvis .   b - +7 Singing Sword {slice, sonic wave}
rCold    + + +     Gourm    .   u - +3 warlock's mirror {reflect}
rNeg     + . .     Faith    .   R - +7 crystal plate armour "Ruymnid" {*Drain rElec Regen+ Int-3}
rPois    .         Spirit   .   h - +0 hat of Siesyh {rF+ rC+++ Dex-2 Stlth+}
rElec    +         Reflect  +   U - +2 cloak of Dithmenos's Approval {Slay+2}
rCorr    +         Harm     .   w - +0 pair of gloves "Qiont" {Str+3 Slay+2}
MR       +++..                  G - +2 pair of boots {Fly}
Stlth    ++........             (no amulet)
HPRegen  1.35/turn              j - ring "Riumudal" {rCorr Dex+5}
MPRegen  0.26/turn              K - ring "Hucwiupn" {rN+ MR+ Slay+2}

@: lethally poisoned (-3 -> -5), heroism, grasped by roots, flying, very
slightly contaminated, hasted and slowed, constricted
A: retaliatory headbutt, horns 2, icy blue scales 1, blurry vision 1, clumsy 1,
deformed body, regeneration 1, screaming 1, subdued magic 1
}: 7/15 runes: barnacled, slimy, silver, icy, fiery, dark, gossamer
a: Heroism, Finesse, Renounce Religion, Stop Flying


You were on level 24 of a ziggurat.
You worshipped Okawaru.
Okawaru was exalted by your worship.
You were hungry.

You visited 14 branches of the dungeon, and saw 63 of its levels.
You visited Pandemonium 1 time, and saw 5 of its levels.
You visited the Abyss 2 times.
You visited 1 ziggurat, and saw 24 of its levels.
You also visited: Trove and Gauntlet.

You collected 10578 gold pieces.
You spent 4666 gold pieces at shops.

Inventory:

Hand Weapons
 a - a +8 double sword of flaming
 b - the +7 Singing Sword (weapon) {slice, sonic wave}
   (Okawaru gifted it to you on level 4 of the Vaults)

   It inflicts extra damage upon your enemies.
 i - the +11 plutonium sword {*Contam Stlth-}
   (You found it on level 13 of a ziggurat)

   It causes magical contamination when unequipped.
   It makes you less stealthy.
 V - the +8 hand crossbow of Brawling {freeze, rElec Str+7}
   (Okawaru gifted it to you on level 1 of the Spider Nest)

   It causes projectiles fired from it to freeze those they strike, causing
   extra injury to most foes and up to half again as much damage against
   particularly susceptible opponents.
   They can also slow down cold-blooded creatures.
   It affects your strength (+7).
   It insulates you from electricity.
 X - the +12 double sword "Noast" {slice, MR+}
   (You found it on level 21 of a ziggurat)

   It inflicts extra damage upon your enemies.
   It affects your resistance to hostile enchantments.
Missiles
 o - 2219 bolts
Armour
 g - the +0 shield of Noihiehuo {rN+ Slay+3}
   (You bought it in a shop on level 10 of the Dungeon)

   It affects your accuracy and damage with ranged weapons and melee attacks
   (+3).
   It protects you from negative energy.
 h - the +0 hat of Siesyh (worn) {rF+ rC+++ Dex-2 Stlth+}
   (You found it in a Gauntlet)

   It affects your dexterity (-2).
   It protects you from fire.
   It renders you almost immune to cold.
   It makes you more stealthy.
 s - the +6 storm dragon scales of Itan {rElec rC++ Int-2}
   (You found it on level 4 of a ziggurat)

   It affects your intelligence (-2).
   It greatly protects you from cold.
   It insulates you from electricity.
 u - the +3 warlock's mirror (worn) {reflect}
   (You found it on level 18 of a ziggurat)
 w - the +0 pair of gloves "Qiont" (worn) {Str+3 Slay+2}
   (You found it on level 16 of a ziggurat)

   It affects your strength (+3).
   It affects your accuracy and damage with ranged weapons and melee attacks
   (+2).
 x - the +2 large shield of the Alphagorgon {MR+}
   (You acquired it on level 13 of a ziggurat)

   It affects your resistance to hostile enchantments.
 A - the +10 plate armour of Articulation {+Blink rPois rF+ Slay+5}
   (Okawaru gifted it to you on level 1 of the Vaults)

   It affects your accuracy and damage with ranged weapons and melee attacks
   (+5).
   It protects you from fire.
   It protects you from poison.
   It lets you blink.
 G - a +2 pair of boots of flying (worn)
 I - the +5 shield "Kuss" {rPois Str+4 SInv}
   (Okawaru gifted it to you in Pandemonium)

   It affects your strength (+4).
   It protects you from poison.
   It lets you see invisible.
 M - the +9 chain mail "Lewaec" {rN+ MR- Slay+3 SInv}
   (You bought it in a shop on level 2 of the Orcish Mines)

   It affects your accuracy and damage with ranged weapons and melee attacks
   (+3).
   It protects you from negative energy.
   It affects your resistance to hostile enchantments.
   It lets you see invisible.
 R - the +7 crystal plate armour "Ruymnid" (worn) {*Drain rElec Regen+ Int-3}
   (You took it off a deep elf blademaster on level 3 of the Elven Halls)

   It affects your intelligence (-3).
   It insulates you from electricity.
   It increases your rate of regeneration.
   It causes draining when unequipped.
 U - the +2 cloak of Dithmenos's Approval (worn) {Slay+2}
   (You found it on level 3 of the Elven Halls)

   It affects your accuracy and damage with ranged weapons and melee attacks
   (+2).
Jewellery
 c - the ring "Unedgh" {rElec rF+ Str+3 Int+3}
   (You acquired it on level 5 of the Depths)

   [ring of intelligence]

   It affects your strength (+3).
   It affects your intelligence (+3).
   It protects you from fire.
   It insulates you from electricity.
 j - the ring "Riumudal" (left hand) {rCorr Dex+5}
   (You found it on level 5 of the Pits of Slime)

   [ring of resist corrosion]

   It affects your dexterity (+5).
   It provides partial protection from all sources of acid and corrosion.
 q - the amulet "Edacoc" {Spirit rF+ rC+ rN+ Str-2}
   (You found it in a treasure trove)

   [amulet of guardian spirit]

   It causes incoming damage to be split between your health and magic.
   It affects your strength (-2).
   It protects you from fire.
   It protects you from cold.
   It protects you from negative energy.
 K - the ring "Hucwiupn" (right hand) {rN+ MR+ Slay+2}
   (You found it on level 3 of the Crypt)

   [ring of positive energy]

   It affects your accuracy and damage with ranged weapons and melee attacks
   (+2).
   It protects you from negative energy.
   It affects your resistance to hostile enchantments.
 W - the amulet of Yna Bane {Gourm rF++ MR+ Str+2 Dex-2}
   (You found it on level 11 of a ziggurat)

   [amulet of the gourmand]

   It allows you to eat raw meat even when not hungry.
   It affects your strength (+2).
   It affects your dexterity (-2).
   It greatly protects you from fire.
   It affects your resistance to hostile enchantments.
Wands
 P - a wand of digging (1)
 Z - a wand of clouds (6)
Scrolls
 d - a scroll of brand weapon
 m - 35 scrolls of teleportation
 r - 18 scrolls of magic mapping
 t - 8 scrolls of enchant armour
 v - 2 scrolls of fog
 D - 4 scrolls of identify
 E - 22 scrolls of remove curse
 F - 4 scrolls of summoning
 H - 9 scrolls of fear
 L - 2 scrolls of blinking
 O - 2 scrolls of silence
Potions
 l - 7 potions of resistance
 p - 5 potions of mutation
 J - a potion of might
 N - 7 potions of agility
 T - 6 potions of haste
Miscellaneous
 e - the horn of Geryon
 n - a fan of gales
 y - a fan of gales
 z - 4 sacks of spiders
 Q - a lamp of fire
Comestibles
 f - 65 rations


   Skills:
 O Level 27 Fighting
   Level 9.5(24.1) Short Blades
 O Level 27 Long Blades
   Level 3.5(8.5) Bows
 + Level 6.7(11.7) Crossbows
 + Level 5.0(10.0) Throwing
 O Level 27 Armour
 + Level 17.8(22.8) Dodging
 + Level 15.5(20.5) Stealth
 O Level 27 Shields
 + Level 15.4(20.4) Unarmed Combat
 + Level 3.3 Spellcasting
 + Level 26.0 Invocations
 + Level 9.5 Evocations


You had 32 spell levels left.
You didn't know any spells.
Your spell library contained the following spells:

 Spells                   Type           Power        Failure   Level  Hunger
 Animate Skeleton         Necr           N/A          89%         1    ##.....
 Apportation              Tloc           #.....       89%         1    ##.....
 Beastly Appendage        Tmut           #.....       89%         1    ##.....
 Confusing Touch          Hex            #.....       89%         1    ##.....
 Corona                   Hex            #......      89%         1    ##.....
 Flame Tongue             Conj/Fire      #....        89%         1    ##.....
 Freeze                   Ice            #...         89%         1    ##.....
 Infusion                 Chrm           #...         89%         1    ##.....
 Magic Dart               Conj           #...         89%         1    ##.....
 Pain                     Necr           #...         89%         1    ##.....
 Sandblast                Erth           #.....       89%         1    ##.....
 Shock                    Conj/Air       #...         89%         1    ##.....
 Sting                    Conj/Pois      #...         89%         1    ##.....
 Summon Butterflies       Summ           #.......     89%         1    ##.....
 Summon Small Mammal      Summ           #...         89%         1    ##.....
 Blink                    Tloc           N/A          96%         2    ###....
 Call Imp                 Summ           #.......     96%         2    ###....
 Corpse Rot               Necr           N/A          96%         2    ###....
 Ensorcelled Hibernation  Hex/Ice        #.....       96%         2    ###....
 Passwall                 Tmut/Erth      #.......     96%         2    ###....
 Poisonous Vapours        Pois/Air       #.....       96%         2    ###....
 Searing Ray              Conj           #.....       96%         2    ###....
 Shroud of Golubria       Chrm/Tloc      #.....       96%         2    ###....
 Slow                     Hex            #.......     96%         2    ###....
 Song of Slaying          Chrm           #.......     96%         2    ###....
 Sticks to Snakes         Tmut           #.......     96%         2    ###....
 Sublimation of Blood     Necr           #.........   96%         2    ###....
 Swiftness                Chrm/Air       #.......     96%         2    ###....
 Throw Flame              Conj/Fire      #.....       96%         2    ###....
 Call Canine Familiar     Summ           #.......     99%         3    ####...
 Confuse                  Hex            #.......     99%         3    ####...
 Conjure Flame            Conj/Fire      #.......     99%         3    ####...
 Dazzling Spray           Conj/Hex       #.....       99%         3    ####...
 Gell's Gravitas          Tloc           #.........   99%         3    ####...
 Ignite Poison            Fire/Tmut/Pois #.......     99%         3    ####...
 Inner Flame              Hex/Fire       #.......     99%         3    ####...
 Lesser Beckoning         Tloc           #.........   99%         3    ####...
 Mephitic Cloud           Conj/Pois/Air  #.......     99%         3    ####...
 Portal Projectile        Hex/Tloc       #.....       99%         3    ####...
 Regeneration             Chrm/Necr      #.........   99%         3    ####...
 Spectral Weapon          Hex/Chrm       #.......     99%         3    ####...
 Spider Form              Tmut/Pois      #.........   99%         3    ####...
 Static Discharge         Conj/Air       #.......     99%         3    ####...
 Stone Arrow              Conj/Erth      #.....       99%         3    ####...
 Summon Guardian Golem    Hex/Summ       #.......     99%         3    ####...
 Teleport Other           Tloc           #.......     99%         3    ####...
 Tukima's Dance           Hex            #.......     99%         3    ####...
 Vampiric Draining        Necr           #.........   99%         3    ####...
 Airstrike                Air            #.........   100%        4    #####..
 Animate Dead             Necr           N/A          100%        4    #####..
 Cause Fear               Hex            #.........   100%        4    #####..
 Force Lance              Conj/Tloc      #.......     100%        4    #####..
 Fulminant Prism          Conj/Hex       #.........   100%        4    #####..
 Ice Form                 Ice/Tmut       #.......     100%        4    #####..
 Iskenderun's Mystic Bla  Conj           #.......     100%        4    #####..
 Leda's Liquefaction      Hex/Erth       #.........   100%        4    #####..
 Olgreb's Toxic Radiance  Pois           #.......     100%        4    #####..
 Passage of Golubria      Tloc           N/A          100%        4    #####..
 Petrify                  Tmut/Erth      #.......     100%        4    #####..
 Sticky Flame             Conj/Fire      #.......     100%        4    #####..
 Summon Ice Beast         Ice/Summ       #.......     100%        4    #####..
 Summon Lightning Spire   Summ/Air       #.......     100%        4    #####..
 Agony                    Necr           #.......     100%        5    ######.
 Alistair's Intoxication  Tmut/Pois      #.......     100%        5    ######.
 Blade Hands              Tmut           #.........   100%        5    ######.
 Bolt of Draining         Conj/Necr      #.........   100%        5    ######.
 Borgnjor's Vile Clutch   Necr/Erth      #.........   100%        5    ######.
 Dispel Undead            Necr           #.......     100%        5    ######.
 Excruciating Wounds      Chrm/Necr      #.........   100%        5    ######.
 Fireball                 Conj/Fire      #.........   100%        5    ######.
 Irradiate                Conj/Tmut      #.........   100%        5    ######.
 Iskenderun's Battlesphe  Conj/Chrm      #.......     100%        5    ######.
 Lee's Rapid Deconstruct  Erth           #.........   100%        5    ######.
 Lightning Bolt           Conj/Air       #.........   100%        5    ######.
 Metabolic Englaciation   Hex/Ice        #.........   100%        5    ######.
 Silence                  Hex/Air        #.........   100%        5    ######.
 Summon Demon             Summ           #.........   100%        5    ######.
 Summon Mana Viper        Hex/Summ       #.......     100%        5    ######.
 Venom Bolt               Conj/Pois      #.........   100%        5    ######.
 Yara's Violent Unravell  Hex/Tmut       #.........   100%        5    ######.
 Bolt of Cold             Conj/Ice       #.........   100%        6    #######
 Bolt of Fire             Conj/Fire      #.........   100%        6    #######
 Conjure Ball Lightning   Conj/Air       #.........   100%        6    #######
 Darkness                 Hex            #.........   100%        6    #######
 Death Channel            Necr           #.........   100%        6    #######
 Deflect Missiles         Chrm/Air       #.........   100%        6    #######
 Freezing Cloud           Conj/Ice/Air   #.........   100%        6    #######
 Hydra Form               Tmut           #.........   100%        6    #######
 Invisibility             Hex            #.......     100%        6    #######
 Ozocubu's Refrigeration  Ice            #.........   100%        6    #######
 Poison Arrow             Conj/Pois      #.........   100%        6    #######
 Shadow Creatures         Summ           N/A          100%        6    #######
 Simulacrum               Ice/Necr       #.........   100%        6    #######
 Statue Form              Tmut/Erth      #........    100%        6    #######
 Dragon Form              Tmut           #.........   100%        7    #######
 Malign Gateway           Summ/Tloc      #.........   100%        7    #######
 Orb of Destruction       Conj           #.........   100%        7    #######
 Ring of Flames           Chrm/Fire      #.........   100%        7    #######
 Spellforged Servitor     Conj/Summ      #.........   100%        7    #######
 Summon Hydra             Summ           #.........   100%        7    #######
 Chain Lightning          Conj/Air       #.........   100%        8    #######
 Controlled Blink         Tloc           N/A          100%        8    #######
 Discord                  Hex            #.........   100%        8    #######
 Ignition                 Fire           #.........   100%        8    #######
 Lehudib's Crystal Spear  Conj/Erth      #.........   100%        8    #######
 Dragon's Call            Summ           #.........   100%        9    #######
 Fire Storm               Conj/Fire      #.........   100%        9    #######
 Glaciate                 Conj/Ice       #.........   100%        9    #######
 Shatter                  Erth           #.........   100%        9    #######
 Tornado                  Air            #.........   100%        9    #######


Dungeon Overview and Level Annotations

Branches:
Dungeon (15/15)            Temple (1/1) D:7            Lair (6/6) D:11
 Shoals (4/4) Lair:4       Spider (4/4) Lair:3        Slime (5/5) Lair:5
    Orc (2/2) D:10            Elf (3/3) Orc:2        Vaults (5/5) D:14
  Crypt (3/3) Vaults:3       Tomb (0/3) Crypt:3      Depths (5/5) D:15
   Hell (1/1)                 Dis (0/7) Hell            Geh (0/7) Hell
    Coc (7/7) Hell            Tar (0/7) Hell            Zot (2/5) Depths:5

Altars:
Ashenzari
Fedhas
Gozag
Hepliaklqana
Kikubaaqudgha
Makhleb
Nemelex Xobeh
Okawaru
Qazlal
Ru
Sif Muna
Trog
Uskayaw
Vehumet
Wu Jian
Xom
Yredelemnul
The Shining One
Beogh
Jiyva

Shops:
D:10 [!=(*   D:12 !   D:15 [   Orc:1 =   Orc:2 ([***(=   Elf:1 !   Elf:3 *

Portals:
Hell: Depths:1 Depths:2 Depths:3 Depths:4 Depths:5
Abyss: Depths:4
Pandemonium: Depths:3

Annotations:
Lair:3 exclusion: oklob plant
Vaults:3 4 runed translucent doors


Innate Abilities, Weirdness & Mutations

You reflexively headbutt those who attack you in melee.
You have a pair of horns on your head.
You are partially covered in icy blue scales. (AC +2)
Scrolls take you a little longer to read.
You are clumsy. (Dex -2)
Armour fits poorly on your strangely shaped body.
Your natural rate of healing is unusually fast.
You occasionally shout uncontrollably at your foes.
Your spells are a little easier to cast, but a little less powerful.


Message History

You furiously retaliate!
You headbutt the death drake.
You feel better. The death drake breathes miasma at you.
The foul vapour engulfs you but does no damage.
* * * LOW HITPOINT WARNING * * *
The grasping roots constrict you.
Unknown command.
You slash the death drake! You headbutt the death drake!
The death drake is almost dead.
You are engulfed in dark miasma.
You are poisoned.
You feel your flesh rotting away!
You feel ill.
* * * LOW HITPOINT WARNING * * *
x2 You feel sick.
The death drake bites you but does no damage.
You feel better.
You are engulfed in dark miasma.
You are poisoned.
* * * LOW HITPOINT WARNING * * *
You feel sick.
You die...

▓▓ ▓▓▓▓.▓▓▓▓▓▓▓
...........▓▓▓
.............▓▓▓
...............▓▓
......°.°.......▓▓
.......°°°.......▓▓
.......°@°...≈.≈..▓▓
.......°°k†..≈.≈...▓▓
.............≈.≈....▓
........f...........▓▓
............†........▓
............[[†......▓▓
.............†[.......▓
.........†...†........▓
.....................▓


You could see a shambling mangrove and a death drake.

Vanquished Creatures
  Cerebov (Pan)
  Antaeus (Coc:7)
  Dissolution (Slime:4)
  the Royal Jelly (Slime:5)
  Gloorx Vloq (Pan)
  Mara (Depths:4)
  5 ancient liches
  An orb of fire (Zot:1)
  Mennas (Vaults:3)
  4 greater mummies (Zig:12)
  Sojobo (Crypt:2)
  A Killer Klown (Zot:2)
  Bai Suzhen (Shoals:4)
  Frederick (Vaults:3)
  6 pandemonium lords
  Saint Roka (Vaults:4)
  13 shard shrikes
  2 caustic shrikes
  A curse toe (Zot:1)
  Geryon (Hell)
  Nikola (Vaults:1)
  Jory (Vaults:4)
  14 golden dragons
  3 bone dragons
  2 Tzitzimimeh
  4 profane servitors
  The ghost of Horiff the Fencer, an adept DrIE of Vehumet (Vaults:1)
  2 electric golems
  3 Brimstone Fiends
  An iron giant (shapeshifter) (Vaults:5)
  11 tentacled monstrosities
  The ghost of Cunoethenee the Lord of Darkness, an adept DsNe of Kikubaaqudgha (Vaults:3)
  7 liches
  2 hellephants (Zig:16)
  20 Ice Fiends
  Jorgrun (Shoals:1)
  2 iron giants
  5 Hell Sentinels
  4 deep elf blademasters
  3 titans
  The ghost of motoroller71 the Blocker, an adept GnFi of Makhleb (Shoals:2)
  21 acid blobs
  6 quicksilver dragons
  6 deep elf master archers
  An acid blob (shapeshifter) (Vaults:4)
  4 tentacled starspawn
  23 Executioners
  5 death cobs
  Agnes (Elf:2)
  11 sphinxes
  7 ancient champions
  13 tengu reavers
  The ghost of Otuihi the Executioner, an adept MiBe of Trog (Spider:2)
  Donald (Orc:1)
  19 shadow dragons
  32 nagarajas
  11 revenants
  12 azure jellies
  8 storm dragons
  Roxanne (Spider:1)
  8 draconian monks
  13 deep elf sorcerers
  15 fire giants
  A daeva (Depths:3)
  4 draconian knights
  10 blood saints
  7 frost giants
  12 ghouls
  13 balrugs (Pan)
  16 vault wardens
  10 draconian scorchers
  7 iron dragons
  An orc warlord (Vaults:4)
  2 juggernaut zombies (Zig:19)
  4 emperor scorpions
  A draconian shifter (Depths:5)
  5 cacodemons
  2 warmongers (Zig:20)
  4 curse skulls
  4 ghost moths (Spider:4)
  9 draconian stormcallers
  6 draconian annihilators
  A juggernaut skeleton (Zig:22)
  7 deep elf elementalists
  3 spriggan defenders
  25 ironheart preservers
  15 very ugly things
  26 stone giants
  15 reapers
  9 entropy weavers
  9 war gargoyles
  3 corrupters
  2 elemental wellsprings (Coc:7)
  8 black suns
  11 deep elf annihilators
  Azrael (D:15)
  2 bennus (Zig:12)
  9 dire elephants
  9 vampire knights
  2 deep elf demonologists
  2 white draconians (Zig:15)
  4 yellow draconians
  2 green draconians (Zig:15)
  5 black draconians
  8 lorocyprocas
  4 purple draconians
  A minotaur (Gauntlet)
  4 red draconians
  Snorg (Orc:2)
  13 deep elf death magi
  12 merfolk javelineers
  10 spark wasps
  13 ettins
  3 crystal guardians (Crypt:3)
  26 blizzard demons
  12 merfolk impalers
  21 green deaths
  8 death oozes
  7 eidola
  2 mummy priests
  22 fire dragons
  8 jiangshi
  8 deep elf high priests
  A kraken zombie (Coc:6)
  32 yaktaur captains
  2 quicksilver dragon zombies
  2 quicksilver dragon skeletons (Pan)
  11 great orbs of eyes
  A monstrous demonspawn (Pan)
  38 ice dragons
  8 naga warriors
  32 vault guards
  2 shambling mangroves
  9 rakshasas
  2 merfolk avatars
  A spriggan air mage (Depths:5)
  6 hell beasts
  3 catoblepae
  3 merfolk aquamancers
  18 hydras
  A hydra (shapeshifter) (Vaults:5)
  A ghost crab (Zig:24)
  10 anacondas
  2 alligator snapping turtles (Shoals:3)
  40 dancing weapons
  5 death knights
  An anaconda (shapeshifter) (Vaults:5)
  68 two-headed ogres
  16 centaur warriors
  6 deep troll shamans
  6 satyrs
  3 death yaks (Lair:5)
  A death scarab (Zig:12)
  6 tengu warriors
  11 vampire magi
  22 ogre magi
  9 titan zombies
  16 deep troll earth magi
  Urug (Orc:2)
  A hell hog (Depths:1)
  3 spriggan berserkers
  26 sun demons
  2 orc high priests
  Nergalle (D:12)
  25 deep elf knights
  3 storm dragon zombies
  5 thrashing horrors (Abyss:2)
  18 hell knights
  8 naga sharpshooters
  23 soul eaters
  3 titan skeletons
  6 shock serpents
  2 wretched stars (Abyss:1)
  6 small abominations
  A fire crab (shapeshifter) (Vaults:1)
  9 sixfirhies
  3 iron golems
  9 iron trolls
  5 storm dragon skeletons
  A fire crab (Zig:16)
  5 salamander mystics
  12 shadow wraiths
  3 golden dragon zombies
  79 skeletal warriors
  8 death drakes (Zig:24)
  7 anaconda zombies
  A kraken simulacrum (Hell)
  The ghost of anet the Covert, a novice SpWz of Ashenzari (D:9)
  An infernal demonspawn (Pan)
  A ghost moth zombie (Crypt:2)
  2 torturous demonspawn (Pan)
  4 swamp dragons (Zig:24)
  2 unseen horrors (shapeshifter)
  2 gelid demonspawn (Pan)
  An obsidian statue (Zig:9)
  7 flayed ghosts
  5 unseen horrors
  8 phantasmal warriors
  36 deep trolls
  14 sea snakes
  A spriggan druid (Zig:24)
  6 glowing orange brains
  6 naga ritualists
  11 shadow demons
  15 harpies
  6 wizards
  2 spectral wolf spiders (Spider:2)
  3 iron dragon zombies
  A tengu zombie (Zig:19)
  A swamp dragon (shapeshifter) (Vaults:5)
  14 ironbrand convokers
  20 deep elf archers
  3 golden dragon skeletons
  2 shadow dragon zombies
  2 sphinx zombies (Zig:22)
  6 anaconda skeletons
  2 orange crystal statues
  2 harpies (shapeshifter)
  26 necromancers
  16 orc knights
  2 cyclopes (shapeshifter)
  13 fauns
  A tengu skeleton (Zig:22)
  2 mana vipers (Zig:23)
  14 orb spiders
  37 ugly things
  3 frost giant zombies
  4 shadow dragon skeletons
  An oklob plant (Lair:3)
  4 shining eyes
  10 orc sorcerers
  23 wolf spiders
  4 fire giant zombies
  6 stone giant zombies
  72 deep elf magi
  2 wolf spider zombies
  5 human zombies
  A worldbinder (Abyss:2)
  10 cyclopes
  2 sphinx skeletons
  14 moths of wrath
  10 rust devils
  4 stone giant skeletons
  14 manticores
  2 dire elephant zombies
  3 fire giant skeletons
  A shock serpent zombie (Coc:6)
  2 salamanders (Zig:18)
  15 elephants
  2 titan simulacra (Coc:7)
  15 vault sentinels
  2 iron dragon skeletons
  6 torpor snails
  A torpor snail (shapeshifter) (D:15)
  9 merfolk sirens
  7 elf zombies
  4 ice statues
  20 naga magi
  24 black mambas
  20 smoke demons
  20 spiny frogs
  15 water nymphs
  A black mamba (shapeshifter) (Depths:5)
  9 guardian serpents
  A centaur zombie (D:11)
  Joseph (D:7)
  10 orange demons
  3 frost giant skeletons
  A spectral redback (Spider:2)
  A guardian serpent (shapeshifter) (Vaults:4)
  A shock serpent skeleton (Coc:3)
  5 gargoyles
  2 rime drakes
  A spiny frog (shapeshifter) (Vaults:2)
  A sea snake zombie (Crypt:2)
  4 centaur skeletons
  An emperor scorpion zombie (Coc:7)
  A yaktaur (shapeshifter) (Vaults:5)
  A red draconian zombie (Crypt:2)
  3 storm dragon simulacra (Coc:7)
  2 dire elephant skeletons (Coc:7)
  6 komodo dragons
  5 hellions
  7 efreet
  A komodo dragon (shapeshifter) (Vaults:5)
  4 kobold demonologists (D:14)
  42 freezing wraiths
  10 hellwings
  A red draconian skeleton (Crypt:2)
  22 ice devils
  56 yaktaurs
  8 anaconda simulacra
  11 hydra zombies
  13 red devils
  17 tormentors
  5 ancient zymes
  23 demonic crawlers
  4 tengu conjurers
  2 entropy weaver simulacra
  34 jumping spiders
  2 yaktaur skeletons (Vaults:5)
  7 guardian mummies
  10 trolls
  3 polar bears
  A polar bear (shapeshifter) (Vaults:3)
  5 wind drakes
  A harpy zombie (Crypt:3)
  A hornet (shapeshifter) (Elf:3)
  36 merfolk
  A queen bee (Spider:1)
  A shadow dragon simulacrum (Coc:7)
  6 meliai
  2 tyrant leeches (Zig:24)
  A spectral tarantella (Spider:2)
  A wind drake (shapeshifter) (Vaults:1)
  27 blink frogs
  A blink frog (shapeshifter) (Vaults:3)
  5 bog bodies
  A harpy skeleton (Pan)
  19 hornets
  3 hydra skeletons
  11 raiju
  A wolf spider simulacrum (Spider:2)
  77 slime creatures
  A stone giant simulacrum (Vaults:1)
  4 alligator zombies
  3 ettin zombies
  A fire giant simulacrum (Coc:7)
  19 hippogriffs
  13 snapping turtles
  2 fire dragon zombies
  An ice dragon zombie (Zig:3)
  5 alligator skeletons
  A frost giant simulacrum (Vaults:1)
  4 air elementals
  3 wyverns
  74 flying skulls
  6 shadows
  2 ice dragon skeletons (Coc:7)
  2 black mamba zombies
  3 fire dragon skeletons
  14 wraiths
  17 ynoxinuls
  58 redbacks
  A satyr skeleton (Crypt:1)
  A tarantella (shapeshifter) (Vaults:1)
  27 tarantellas
  A spriggan simulacrum (Zig:22)
  10 water elementals
  An ettin skeleton (Vaults:5)
  3 ushabtiu
  28 yaks
  A black mamba skeleton (Crypt:1)
  15 fire elementals
  7 basilisks
  19 chaos spawn
  7 neqoxecs
  4 hungry ghosts
  A merfolk zombie (Crypt:2)
  13 vampire mosquitoes
  Menkaure (D:7)
  2 redback simulacra (Spider:2)
  A soldier ant (D:15)
  8 wargs
  8 nagas
  2 acid dragons
  A floating eye (Depths:2)
  5 hell hounds
  6 hydra simulacra
  18 water moccasins
  10 spiny frog zombies
  A gelid demonspawn skeleton (Crypt:1)
  11 porcupines
  5 sky beasts
  27 large abominations
  3 phantoms
  An infernal demonspawn skeleton (Coc:7)
  5 spiny frog skeletons
  A hornet zombie (D:10)
  4 swamp drakes (Zig:24)
  2 tarantella simulacra (Spider:2)
  4 eyes of draining
  41 orc warriors
  3 black bears
  An ettin simulacrum (Vaults:5)
  11 starcursed masses (Abyss:1)
  An alligator simulacrum (Hell)
  A lindwurm zombie (Crypt:2)
  A manticore zombie (Coc:1)
  8 necrophages
  49 ogres
  11 ice beasts
  2 snapping turtle skeletons
  18 boggarts
  An elephant skeleton (Crypt:1)
  3 manticore skeletons
  15 wolves
  34 centaurs
  13 crocodiles
  15 bullfrogs
  4 big kobolds
  A bullfrog (shapeshifter) (Depths:4)
  A draconian zombie (Crypt:1)
  6 elf skeletons
  A salamander skeleton (Crypt:2)
  3 earth elementals
  2 wyvern skeletons
  A shapeshifter zombie (Crypt:1)
  4 scorpions
  16 killer bees
  22 wights
  A snapping turtle simulacrum (Crypt:1)
  8 electric eels
  A howler monkey (D:9)
  2 spriggan skeletons
  A torpor snail simulacrum (Spider:2)
  13 crimson imps
  2 yaktaur simulacra (Vaults:1)
  A quasit (Abyss:1)
  9 hounds
  27 orc priests
  4 jellies
  Crazy Yiuf (D:3)
  A bullfrog skeleton (D:10)
  8 iguanas
  38 orc wizards
  5 hell rats (Hell)
  3 human skeletons
  14 worker ants
  A deep dwarf skeleton (Crypt:1)
  14 mummies
  2 worker ant zombies (D:10)
  8 adders
  7 gnolls
  A howler monkey skeleton (D:11)
  A naga simulacrum (Hell)
  7 shadow imps
  21 white imps
  3 ufetubi
  2 adder zombies
  4 adder skeletons
  4 worms
  A barachi skeleton (Crypt:1)
  A dart slug (D:3)
  2 leopard geckos
  142 orcs
  5 bats
  2 giant cockroaches
  8 goblins
  18 hobgoblins
  13 jackals
  7 quokkas
  3 ball pythons
  5 frilled lizards
  A jackal zombie (D:3)
  13 kobolds
  6 rats
  A spectral orc (D:2)
  3 fungi
  22 plants
  4 starspawn tentacles
  2 tentacles (Coc:6)
3953 creatures vanquished.

Vanquished Creatures (others)
  A tentacled monstrosity (Zig:24)
  A deep elf master archer (Elf:3)
  An eldritch tentacle (Coc:7)
  A curse skull (Zig:9)
  A deep elf annihilator (Zig:21)
  A hydra (Zig:24)
  A hell beast (Hell)
  A dancing weapon (Zig:7)
  A two-headed ogre (Depths:3)
  2 deep elf knights
  A necromancer (Hell)
  A mana viper (Zig:23)
  A black mamba (Zig:23)
  A naga mage (Zig:21)
  A hellion (Zig:5)
  An ice devil (Zig:3)
  A merfolk (Shoals:2)
  A hornet (Zig:24)
  A flying skull (Coc:7)
  A water elemental (Shoals:2)
  A fire elemental (Hell)
  A chaos spawn (Pan)
  A naga (Zig:23)
  A sky beast (Abyss:1)
  An ogre (Vaults:5)
  A wight (Coc:2)
  An orc (Orc:1)
  A goblin (shapeshifter) (Vaults:5)
  A bush (D:11)
  2 fungi (D:11)
  2 lurking horrors (Abyss:1)
  31 plants
  4 starspawn tentacles
  8 tentacles
  18 withered plants (Gauntlet)
95 creatures vanquished.

Grand Total: 4048 creatures vanquished

Notes
Turn   | Place    | Note
-------+----------+-------------------------------------------
     0 | D:1      | Peloso the Minotaur Fighter began the quest for the Orb.
     0 | D:1      | Reached XP level 1. HP: 19/19 MP: 0/0
    45 | D:1      | Reached XP level 2. HP: 21/27 MP: 1/1
   124 | D:1      | Reached XP level 3. HP: 20/33 MP: 2/2
   914 | D:2      | Found an opulent altar of Gozag.
  1234 | D:2      | Reached skill level 1 in Dodging
  1322 | D:2      | Reached XP level 4. HP: 38/40 MP: 3/3
  1451 | D:2      | Found a basalt altar of Yredelemnul.
  1500 | D:2      | Found a faded altar of an unknown god.
  1606 | D:2      | Found a radiant altar of Vehumet.
  1607 | D:2      | Found a burning altar of Makhleb.
  1709 | D:2      | Found an iron altar of Okawaru.
  1729 | D:2      | Became a worshipper of Warmaster Okawaru
  2032 | D:3      | Reached XP level 5. HP: 4/46 MP: 4/4
  2471 | D:3      | Found a runed translucent door.
  2472 | D:3      | Noticed Crazy Yiuf
  2477 | D:3      | Killed Crazy Yiuf
  2773 | D:3      | Reached * piety under Okawaru
  2773 | D:3      | Reached skill level 5 in Long Blades
  2773 | D:3      | Reached XP level 6. HP: 23/55 MP: 5/5
  2956 | D:4      | Reached skill level 5 in Shields
  3244 | D:4      | Reached ** piety under Okawaru
  3244 | D:4      | Reached skill level 5 in Fighting
  3244 | D:4      | Reached XP level 7. HP: 61/61 MP: 6/6
  3382 | D:5      | Entered Level 5 of the Dungeon
  3528 | D:5      | Reached skill level 5 in Armour
  4408 | D:6      | Reached XP level 8. HP: 36/70 MP: 7/7
  4458 | D:6      | Reached *** piety under Okawaru
  4842 | D:6      | Noticed a troll
  4857 | D:6      | Killed a troll
  5236 | D:7      | Noticed a hippogriff
  5241 | D:7      | Killed a hippogriff
  5265 | D:7      | Found a staircase to the Ecumenical Temple.
  5275 | Temple   | Entered the Ecumenical Temple
  5349 | D:7      | Reached **** piety under Okawaru
  5368 | D:7      | Reached XP level 9. HP: 78/78 MP: 8/8
  5481 | D:7      | Noticed Joseph
  5500 | D:7      | Killed Joseph
  5500 | D:7      | Reached skill level 10 in Long Blades
  5536 | D:7      | Noticed Menkaure
  5554 | D:7      | HP: 2/79 [Menkaure/nerve-wracking pain (7)]
  5557 | D:7      | Killed Menkaure
  5967 | D:7      | Found an ornate altar of the Wu Jian Council.
  6357 | D:8      | Reached ***** piety under Okawaru
  6847 | D:8      | Reached XP level 10. HP: 56/88 MP: 9/9
  7748 | D:9      | Found a shattered altar of Ashenzari.
  7938 | D:9      | You fall into a shaft and drop 1 floor!
  7938 | D:10     | Entered Level 10 of the Dungeon
  8349 | D:10     | Found Taecrop's Jewellery Shoppe.
  8361 | D:10     | Bought an uncursed amulet of faith for 520 gold pieces
  8368 | D:10     | Found a sacrificial altar of Ru.
  8395 | D:10     | Found Zesmomai's Distillery.
  8398 | D:10     | Bought a potion of curing for 48 gold pieces
  8491 | D:9      | Found a runed translucent gate.
  8492 | D:9      | Found a runed translucent gate.
  8494 | D:9      | Found a runed translucent gate.
  8495 | D:9      | Found an opulent altar of Gozag.
  8497 | D:9      | Noticed anet's ghost (novice SpWz)
  8498 | D:9      | Noticed a tengu warrior
  8567 | D:9      | Received a gift from Okawaru
  8926 | D:10     | Paralysed by a hornet for 1 turns
  8955 | D:10     | Found Jaocw's Antique Armour Emporium.
  9250 | D:10     | Noticed a cyclops
  9257 | D:10     | Identified the amulet "Etoemiramm" {Gourm rElec rF+ Int+4}
  9257 | D:10     | Noticed an ogre mage
  9261 | D:10     | Killed a cyclops
  9268 | D:10     | Killed an ogre mage
  9268 | D:10     | Reached skill level 10 in Shields
  9271 | D:10     | Identified the amulet of Dehabbaj {Gourm rN+ Int+3}
  9285 | D:10     | Got a heavily runed steel ring
  9287 | D:10     | Identified the ring of Contentment {rPois rC+ Int+3 Dex-4}
                  | (You found it on level 10 of the Dungeon)
  9572 | D:10     | Found Bapnock's Weapon Shop.
  9587 | D:10     | Identified the ring of Ascent {*Tele *Drain +Blink rPois
                  | MR+ Str+2}
  9587 | D:10     | Noticed an ogre mage
  9600 | D:10     | Killed an ogre mage
  9613 | D:10     | Found Vikir's Assorted Antiques.
  9638 | D:10     | Reached XP level 11. HP: 91/95 MP: 10/10
  9969 | D:10     | Found a staircase to the Orcish Mines.
 10001 | Orc:1    | Entered Level 1 of the Orcish Mines
 10185 | Orc:2    | Entered Level 2 of the Orcish Mines
 10212 | Orc:2    | Found a roughly hewn altar of Beogh.
 10219 | Orc:2    | Found a staircase to the Elven Halls.
 10296 | D:10     | Bought an encrusted shield for 247 gold pieces
 10308 | D:10     | Identified the +0 shield of Noihiehuo {rN+ Slay+3} (You
                  | bought it in a shop on level 10 of the Dungeon)
 10402 | D:10     | Noticed a two-headed ogre
 10414 | D:10     | Killed a two-headed ogre
 10414 | D:10     | Received a gift from Okawaru
 10542 | D:10     | Killed an unseen horror
 11253 | D:9      | Killed anet's ghost
 11253 | D:9      | Reached skill level 10 in Armour
 11261 | D:9      | Killed a tengu warrior
 11360 | D:11     | Found a gate leading to a gauntlet.
 11360 | D:11     | Noticed a two-headed ogre
 11378 | D:11     | Killed a two-headed ogre
 11389 | Gauntlet | Entered a Gauntlet
 11389 | Gauntlet | Found a transporter.
 11389 | Gauntlet | Found a transporter.
 11389 | Gauntlet | Found a transporter.
 11389 | Gauntlet | Noticed a tengu warrior
 11390 | Gauntlet | Found a transporter.
 11394 | Gauntlet | Found a transporter.
 11394 | Gauntlet | Found a transporter.
 11401 | Gauntlet | Found a transporter.
 11402 | Gauntlet | Found a transporter.
 11402 | Gauntlet | Noticed a necromancer
 11403 | Gauntlet | Found a transporter.
 11405 | Gauntlet | Found a transporter.
 11407 | Gauntlet | Noticed a death scarab
 11408 | Gauntlet | Noticed an orange crystal statue
 11409 | Gauntlet | Found a runed translucent door.
 11409 | Gauntlet | Noticed a death scarab
 11411 | Gauntlet | Found a runed translucent door.
 11413 | Gauntlet | Found a transporter.
 11424 | Gauntlet | Found a transporter.
 11617 | Gauntlet | Killed a tengu warrior
 11916 | Gauntlet | Killed a necromancer
 11916 | Gauntlet | Reached skill level 1 in Stealth
 12072 | Gauntlet | Killed an orange crystal statue
 12072 | Gauntlet | Reached skill level 10 in Fighting
 12072 | Gauntlet | Reached skill level 1 in Invocations
 12076 | Gauntlet | Got a pitted zirconium amulet
 12157 | Gauntlet | Got a shimmering hat
 12167 | Gauntlet | Identified the cursed +0 hat of Siesyh {rF+ rC+++ Dex-2
                  | Stlth+} (You found it in a Gauntlet)
 12173 | Gauntlet | Identified the amulet "Libepufi" {Faith MR+ Dex+5} (You
                  | found it in a Gauntlet)
 12262 | Gauntlet | Noticed a minotaur
 12278 | Gauntlet | HP: 3/99 [minotaur/+4 morningstar of pain (31)]
 12287 | Gauntlet | Killed a minotaur
 12306 | Gauntlet | Got a pitted short sword
 12308 | Gauntlet | Identified the +9 short sword "Oriasig" {pierce, rElec MR-
                  | Str+4 Dex-4} (You found it in a Gauntlet)
 12448 | D:11     | Noticed a skeletal warrior
 12450 | D:11     | Noticed a skeletal warrior
 12451 | D:11     | Noticed a skeletal warrior
 12529 | D:10     | Killed a skeletal warrior
 12529 | D:10     | Reached XP level 12. HP: 44/106 MP: 10/12
 12864 | D:10     | Reached skill level 1 in Short Blades
 13049 | D:11     | Received a gift from Okawaru
 13103 | D:11     | Found a staircase to the Lair.
 13523 | Lair:1   | Entered Level 1 of the Lair of Beasts
 13566 | Lair:1   | Received a gift from Okawaru
 13566 | Lair:1   | Reached skill level 5 in Short Blades
 13605 | Lair:1   | Noticed a five-headed hydra
 14208 | D:12     | Found Zabats's Distillery.
 14282 | D:12     | Bought a potion of heal wounds for 90 gold pieces
 14411 | D:12     | Found an opulent altar of Gozag.
 14585 | D:12     | Noticed Nergalle
 14598 | D:12     | Killed Nergalle
 14785 | D:13     | Noticed a two-headed ogre
 14795 | D:13     | Killed a two-headed ogre
 14806 | D:13     | Reached XP level 13. HP: 84/114 MP: 13/13
 16583 | Lair:2   | Found a bloodstained altar of Trog.
 17018 | Lair:2   | Received a gift from Okawaru
 17096 | Lair:2   | You fall into a shaft and drop 1 floor!
 17507 | Lair:3   | Found a shimmering altar of Xom.
 17843 | Lair:2   | Reached ****** piety under Okawaru
 18020 | Lair:1   | You fall into a shaft and drop 1 floor!
 18063 | Lair:3   | Found a hole to the Spider Nest.
 18675 | Lair:3   | Received a gift from Okawaru
 18953 | Lair:4   | Found a staircase to the Shoals.
 19062 | Lair:4   | Reached XP level 14. HP: 104/126 MP: 14/14
 19156 | Lair:4   | Received a gift from Okawaru
 20134 | Lair:5   | Found a staircase to the Slime Pits.
 20825 | D:13     | Reached skill level 15 in Shields
 21209 | D:14     | Received a gift from Okawaru
 21469 | D:14     | Found a glowing golden altar of the Shining One.
 21532 | D:14     | Reached skill level 1 in Evocations
 21884 | D:14     | Found a gate to the Vaults.
 21921 | D:14     | Reached skill level 15 in Long Blades
 22338 | D:15     | Entered Level 15 of the Dungeon
 22359 | D:15     | Received a gift from Okawaru
 22474 | D:15     | HP: 5/129 [meliai/+3 war axe (3)]
 22932 | D:15     | Received a gift from Okawaru
 23000 | D:15     | Reached XP level 15. HP: 113/136 MP: 15/15
 23049 | D:15     | Found Ledif's Antique Armour Shop.
 23065 | D:15     | Bought a jewelled plate armour for 784 gold pieces
 23080 | D:15     | Identified the +6 plate armour "Jycrofoe" {*Drain rPois
                  | Regen+ Dex+9} (You bought it in a shop on level 15 of the
                  | Dungeon)
 23085 | D:15     | Bought a twisted cloak for 266 gold pieces
 23100 | D:15     | Identified the +2 cloak "Vaty" {Str+2} (You bought it in a
                  | shop on level 15 of the Dungeon)
 23214 | D:15     | Noticed Azrael
 23237 | D:15     | Killed Azrael
 23331 | D:15     | Found a staircase to the Depths.
 23532 | D:15     | Received a gift from Okawaru
 23981 | Orc:2    | Noticed Donald
 24011 | Orc:1    | Killed Donald
 24284 | Orc:2    | Found Nyzerula's Assorted Antiques.
 24284 | Orc:2    | Found Ciclaos's Weapon Emporium.
 24286 | Orc:2    | Found Pafeib's Jewellery Emporium.
 24304 | Orc:2    | Found Duzyasots's General Store.
 24314 | Orc:2    | Bought a scroll labeled MUSIDIO FEUPT for 24 gold pieces
 24400 | Orc:2    | Found Ascho's Assorted Antiques.
 24405 | Orc:2    | Found Mymy's Antique Armour Shop.
 24429 | Orc:2    | Found Unleox's Weapon Boutique.
 24480 | Orc:2    | Noticed Urug
 24501 | Orc:2    | Killed Urug
 24702 | Orc:2    | Noticed Snorg
 24712 | Orc:2    | Killed Snorg
 24712 | Orc:2    | Received a gift from Okawaru
 25363 | Orc:1    | Found Zaptaut's Jewellery Boutique.
 25879 | Lair:6   | Entered Level 6 of the Lair of Beasts
 25929 | Lair:6   | Received a gift from Okawaru
 25934 | Lair:6   | Got a jewelled longbow {god gift}
 26329 | Lair:6   | Found a stormy altar of Qazlal.
 27227 | Lair:6   | Reached skill level 15 in Armour
 28031 | D:15     | Bought a pair of embroidered boots for 210 gold pieces
 28695 | Lair:4   | You are sucked into a shaft and drop 1 floor!
 28770 | Lair:5   | You are sucked into a shaft and drop 1 floor!
 29101 | Orc:1    | You are sucked into a shaft and drop 1 floor!
 29126 | Orc:2    | Bought a spiked chain mail for 228 gold pieces
 29131 | Orc:2    | Identified the +9 chain mail "Lewaec" {rN+ MR- Slay+3 SInv}
                  | (You bought it in a shop on level 2 of the Orcish Mines)
 29313 | Spider:1 | Entered Level 1 of the Spider Nest
 29329 | Spider:1 | Reached XP level 16. HP: 97/147 MP: 16/16
 29778 | Spider:1 | Received a gift from Okawaru
 29791 | Spider:1 | Got a crude hand crossbow {god gift}
 29998 | Spider:1 | Identified the +8 hand crossbow of Brawling {freeze, rElec
                  | Str+7} (Okawaru gifted it to you on level 1 of the Spider
                  | Nest)
 30335 | Spider:1 | Reached skill level 15 in Fighting
 30513 | Spider:1 | Noticed Roxanne
 30541 | Spider:1 | Killed Roxanne
 31430 | Spider:2 | Found a runed translucent gate.
 31430 | Spider:2 | Found a runed translucent gate.
 31430 | Spider:2 | Found a runed translucent gate.
 31430 | Spider:2 | Noticed Otuihi's ghost (adept MiBe)
 31473 | Spider:2 | Killed Otuihi's ghost
 31489 | Spider:2 | Received a gift from Okawaru
 31525 | Spider:2 | Got a brightly glowing shield {god gift}
 31608 | Spider:2 | Identified the +0 shield of the Republic {rF++ rC+ Regen+}
                  | (Okawaru gifted it to you on level 2 of the Spider Nest)
 31862 | Spider:3 | Reached skill level 5 in Dodging
 32750 | Spider:4 | Entered Level 4 of the Spider Nest
 33148 | Spider:4 | Received a gift from Okawaru
 33371 | Spider:4 | Reached XP level 17. HP: 91/158 MP: 0/17
 34356 | Spider:4 | Received a gift from Okawaru
 34359 | Spider:4 | Got a transparent scale mail {god gift}
 34446 | Spider:4 | Got a gossamer rune of Zot
 34673 | Shoals:1 | Entered Level 1 of the Shoals
 34690 | Shoals:1 | Noticed Jorgrun
 34704 | Shoals:1 | Killed Jorgrun
 35917 | Shoals:2 | Got a crude trident
 35927 | Shoals:2 | Found a transporter.
 35929 | Shoals:2 | Noticed motoroller71's ghost (adept GnFi)
 35930 | Shoals:2 | Found a transporter.
 36492 | Shoals:2 | Killed motoroller71's ghost
 36495 | Shoals:2 | Received a gift from Okawaru
 36520 | Shoals:2 | Got a bloodstained plate armour {god gift}
 36531 | Shoals:2 | Identified the +2 plate armour of the Vacuum {-Cast +Blink
                  | Dex+3} (Okawaru gifted it to you on level 2 of the Shoals)
 36541 | Shoals:2 | Identified the +6 scale mail of Ehowimp {Slay+2} (Okawaru
                  | gifted it to you on level 4 of the Spider Nest)
 36553 | Shoals:2 | Identified the Volume of Flight
 37426 | Shoals:4 | Entered Level 4 of the Shoals
 37832 | Shoals:4 | Noticed Bai Suzhen
 37865 | Shoals:4 | Killed Bai Suzhen
 37865 | Shoals:4 | Reached XP level 18. HP: 145/170 MP: 16/18
 37910 | Shoals:4 | Found a deep blue altar of Sif Muna.
 37942 | Shoals:4 | Received a gift from Okawaru
 38430 | Lair:1   | Identified the +6 trident "Guona" {pierce, rElec rC++ Str-3
                  | Stlth+} (You found it on level 2 of the Shoals)
 38450 | Lair:1   | Identified the +3 longbow "Ketau" {freeze, rElec} (Okawaru
                  | gifted it to you on level 6 of the Lair of Beasts)
 38871 | Shoals:4 | Got a barnacled rune of Zot
 40079 | Elf:1    | Entered Level 1 of the Elven Halls
 40191 | Elf:1    | Found Tumuh's Distillery.
 40273 | Elf:1    | Received a gift from Okawaru
 41049 | Elf:2    | Identified a scroll of acquirement
 41144 | Elf:2    | Found a huge runed translucent gate.
 41144 | Elf:2    | Found a huge runed translucent gate.
 41144 | Elf:2    | Found a huge runed translucent gate.
 41144 | Elf:2    | Found a huge runed translucent gate.
 41148 | Elf:2    | Found a huge runed translucent gate.
 41161 | Elf:2    | Noticed Agnes
 41167 | Elf:2    | Killed Agnes
 41376 | Elf:3    | Entered Level 3 of the Elven Halls
 41588 | Elf:3    | Found Luses's Mass Market.
 41606 | Elf:3    | Bought the +1 plate armour of Rom Zidd {Regen+ Str+5 Int-2}
                  | for 536 gold pieces
 41902 | Elf:3    | Reached XP level 19. HP: 180/180 MP: 19/19
 41906 | Elf:3    | Received a gift from Okawaru
 41960 | Elf:3    | Got a pair of faintly humming boots {god gift}
 41973 | Elf:3    | Identified the +2 pair of boots "Biqoorhoim" {rElec SInv}
                  | (Okawaru gifted it to you on level 3 of the Elven Halls)
 42160 | Elf:3    | Identified the cursed +0 bardiche "Tormentor" {chop, Str+2}
 42160 | Elf:3    | Identified the ring of Intercession {+Fly MR+}
 42183 | Elf:3    | HP: 9/180 [acid (9)]
 42223 | Elf:3    | Noticed a Brimstone Fiend
 43050 | Elf:3    | Identified the +7 crystal plate armour "Ruymnid" {*Drain
                  | rElec Regen+ Int-3}
 43092 | Elf:3    | Received a gift from Okawaru
 43411 | Elf:3    | Found the +8 arc blade {discharge, rElec}
 43415 | Elf:3    | Identified the +4 scale mail of the Jabberwock {MR+}
 43754 | Elf:3    | Got a heavily runed cloak
 43793 | Elf:3    | Identified the +2 cloak of Dithmenos's Approval {Slay+2}
                  | (You found it on level 3 of the Elven Halls)
 45094 | Vaults:1 | Entered Level 1 of the Vaults
 45556 | Vaults:1 | Found a runed translucent gate.
 45556 | Vaults:1 | Found a runed translucent gate.
 45556 | Vaults:1 | Found a runed translucent gate.
 45558 | Vaults:1 | Noticed Horiff's ghost (adept DrIE)
 45929 | Vaults:1 | Noticed Nikola
 45950 | Vaults:1 | Killed Nikola
 46074 | Vaults:1 | Received a gift from Okawaru
 46082 | Vaults:1 | Got a fine plate armour {god gift}
 46176 | Vaults:1 | Reached XP level 20. HP: 171/191 MP: 20/20
 46733 | Vaults:1 | Identified the +10 plate armour of Articulation {+Blink
                  | rPois rF+ Slay+5} (Okawaru gifted it to you on level 1 of
                  | the Vaults)
 47381 | Vaults:2 | Received a gift from Okawaru
 48985 | Vaults:1 | Paralysed by the power of Zot for 3 turns
 49106 | Vaults:1 | Killed Horiff's ghost
 49106 | Vaults:1 | Received a gift from Okawaru
 49293 | Vaults:1 | Got a pair of transparent gloves
 49309 | Vaults:1 | Identified the +1 pair of gloves of Grace {Str+2} (You
                  | found it on level 1 of the Vaults)
 49553 | Vaults:3 | Found a staircase to the Crypt.
 49725 | Vaults:3 | Found a large runed translucent door.
 49725 | Vaults:3 | Found a large runed translucent door.
 49725 | Vaults:3 | Found a large runed translucent door.
 49725 | Vaults:3 | Found a large runed translucent door.
 49725 | Vaults:3 | Found a large runed translucent door.
 49725 | Vaults:3 | Found a large runed translucent door.
 49725 | Vaults:3 | Found a large runed translucent door.
 49725 | Vaults:3 | Found a large runed translucent door.
 49725 | Vaults:3 | Noticed Cunoethenee's ghost (adept DsNe)
 49801 | Vaults:3 | Noticed Mennas
 49850 | Vaults:3 | Killed Mennas
 49850 | Vaults:3 | Reached XP level 21. HP: 99/202 MP: 22/22
 50175 | Vaults:3 | Received a gift from Okawaru
 50281 | Vaults:3 | Noticed Frederick
 50292 | Vaults:3 | Killed Frederick
 50543 | Vaults:3 | Got a smoking plate armour
 50749 | Vaults:3 | Identified the cursed +1 plate armour "Damnable
                  | Contraption" {rC+ Dex+6} (You found it on level 3 of the
                  | Vaults)
 50794 | Vaults:3 | Killed Cunoethenee's ghost
 50801 | Vaults:3 | Received a gift from Okawaru
 50803 | Vaults:3 | Got a scorched ivory amulet
 50806 | Vaults:3 | Got a warped chain mail
 50826 | Vaults:3 | Identified the +4 chain mail "Juosich" {+Inv MR+ Int-2}
                  | (You found it on level 3 of the Vaults)
 51096 | Vaults:4 | Received a gift from Okawaru
 51477 | Vaults:4 | Identified the +6 falchion of Guile {elec, Fragile rC+++
                  | rN+ SInv} (Okawaru gifted it to you on level 4 of the
                  | Vaults)
 51753 | Vaults:4 | Noticed Jory
 51773 | Vaults:4 | Killed Jory
 52060 | Vaults:4 | Noticed Saint Roka
 52079 | Vaults:4 | Received a gift from Okawaru
 52113 | Vaults:4 | Killed Saint Roka
 52347 | Vaults:4 | Reached XP level 22. HP: 207/213 MP: 23/23
 52390 | Vaults:5 | Entered Level 5 of the Vaults
 52808 | Vaults:5 | Noticed a golden dragon
 52825 | Vaults:4 | Killed a golden dragon
 52825 | Vaults:4 | Received a gift from Okawaru
 52826 | Vaults:4 | Found the +7 Singing Sword {slice, sonic wave}
 52998 | Vaults:5 | Noticed a caustic shrike
 52998 | Vaults:5 | a quicksilver dragon changed into a caustic shrike
 53193 | Vaults:5 | a caustic shrike changed into a shadow dragon
 54502 | Vaults:4 | Received a gift from Okawaru
 54809 | Vaults:5 | Identified the cursed +3 trident of Insufficient Pleasure
                  | {pierce, rPois rF+ Dex+4}
 54868 | Vaults:5 | Noticed a golden dragon
 54877 | Vaults:5 | Killed a golden dragon
 55319 | Lair:1   | Identified the amulet of the Nightingale {Harm *Drain
                  | Dex+5} (You found it on level 3 of the Vaults)
 55695 | Vaults:5 | Identified the +1 trident "Geryjaxe" {pain, Str+4 Int+4}
 55695 | Vaults:5 | Identified the +3 triple crossbow of the Eternal Warrior
                  | {penet, rElec rPois rC+ Stlth-}
 55703 | Vaults:5 | Got a silver rune of Zot
 55724 | Vaults:5 | Got a pair of brightly glowing gloves
 55735 | Vaults:5 | Identified the cursed -5 pair of gloves of Sin {SInv} (You
                  | found it on level 5 of the Vaults)
 55936 | Vaults:5 | Received a gift from Okawaru
 55936 | Vaults:5 | Reached XP level 23. HP: 156/223 MP: 24/24
 56069 | Vaults:5 | Paralysed by a sphinx for 2 turns
 56071 | Vaults:5 | Got an encrusted scimitar {god gift}
 56114 | Vaults:5 | Identified the +7 scimitar "Zeiph" {venom, rElec rC++ rN+}
                  | (Okawaru gifted it to you on level 5 of the Vaults)
 56144 | Vaults:5 | Identified the ring of Ithrar {rC+ MP+9 Int+2}
 56202 | Vaults:5 | Identified the Reference Book on Beguiling and Ignition
 56403 | Vaults:5 | Identified the ring "Fudd" {rN+ SInv}
 56419 | Vaults:5 | Received a gift from Okawaru
 56456 | Vaults:5 | Identified the Tome of Clay and Aid
 56638 | Vaults:5 | Identified the amulet "Yghi" {Faith -Tele rN+ Str+8}
 56640 | Vaults:5 | Identified the +7 hunting sling of the Trees {flame, rN++}
 56892 | Vaults:5 | Got a spiked plate armour
 56950 | Vaults:5 | Identified the +6 plate armour of Uvush {+Fly rN+ Str-5
                  | Int+5} (You found it on level 5 of the Vaults)
 58050 | Crypt:1  | Entered Level 1 of the Crypt
 58275 | Crypt:1  | Found a basalt altar of Yredelemnul.
 58399 | Crypt:1  | Reached skill level 27 in Shields
 58916 | Crypt:2  | Received a gift from Okawaru
 58917 | Crypt:2  | Found the +4 dagger "Morg" {pain, MR+ Int+5}
 59407 | Crypt:2  | Received a gift from Okawaru
 59476 | Crypt:2  | Noticed Sojobo
 59488 | Crypt:2  | Killed Sojobo
 59488 | Crypt:2  | Reached XP level 24. HP: 203/236 MP: 24/24
 60016 | Crypt:3  | Entered Level 3 of the Crypt
 60369 | Crypt:3  | Received a gift from Okawaru
 60394 | Crypt:3  | Got a scorched falchion {god gift}
 60402 | Crypt:3  | Identified the +5 falchion of Free Expression {slice, rPois
                  | rC+} (Okawaru gifted it to you on level 3 of the Crypt)
 60714 | Crypt:3  | Identified Gitas's Catalogue of Philately
 60883 | Crypt:3  | Received a gift from Okawaru
 60900 | Crypt:3  | Found a basalt altar of Yredelemnul.
 60900 | Crypt:3  | Noticed an ancient lich
 60905 | Crypt:3  | Killed an ancient lich
 60976 | Crypt:3  | Found a staircase to the Tomb.
 61177 | Crypt:3  | Got a warped copper ring
 61177 | Crypt:3  | Got a flickering iron ring
 61177 | Crypt:3  | Got a glittering tin ring
 61196 | Crypt:3  | Identified the ring "Beque" {+Blink rN+ MP+9 Int+7 Dex-2}
                  | (You found it on level 3 of the Crypt)
 61197 | Crypt:3  | Identified the ring of Sopp {rF- rN+ Str+2 Dex+6} (You
                  | found it on level 3 of the Crypt)
 61198 | Crypt:3  | Identified the ring "Hucwiupn" {rN+ MR+ Slay+2} (You found
                  | it on level 3 of the Crypt)
 62100 | Depths:1 | Entered Level 1 of the Depths
 62100 | Depths:1 | Found a gateway to a ziggurat.
 62303 | Depths:1 | Found a gateway to Hell.
 62471 | Depths:1 | Received a gift from Okawaru
 62736 | Depths:1 | Found a gateway to a bazaar.
 62847 | Depths:1 | Found the ring of Robustness {AC+8}
 62868 | Depths:1 | Received a gift from Okawaru
 63007 | Depths:1 | Found a portal to a secret trove of treasure.
 63510 | Depths:2 | Reached XP level 25. HP: 240/249 MP: 24/24
 63613 | Depths:2 | Received a gift from Okawaru
 64630 | Depths:3 | Got an ancient sapphire amulet
 64631 | Depths:3 | Identified the amulet "Oziessor" {Gourm rC+ SInv} (You
                  | found it on level 3 of the Depths)
 64826 | Depths:3 | Found a one-way gate leading to the halls of Pandemonium.
 65003 | Depths:3 | Found a glowing golden altar of the Shining One.
 65456 | Depths:4 | Received a gift from Okawaru
 65482 | Depths:4 | Found a one-way gate to the infinite horrors of the Abyss.
 65832 | Depths:4 | Noticed Mara
 65838 | Depths:4 | Noticed Peloso's illusion
 65852 | Depths:4 | Killed Mara
 65887 | Depths:4 | Received a gift from Okawaru
 66138 | Depths:4 | Found a stormy altar of Qazlal.
 66171 | Depths:4 | Identified Qeug's Grimoire of Attacks and Envenoming
 66820 | Depths:5 | Entered Level 5 of the Depths
 66827 | Depths:5 | Reached XP level 26. HP: 264/264 MP: 24/24
 66992 | Depths:5 | Found a gate to the Realm of Zot.
 69294 | Depths:1 | You paid a toll of a +7 demon blade to enter a treasure
                  | trove
 69295 | Trove    | Entered a treasure trove
 69301 | Trove    | Found the +10 dark maul {crush}
 69303 | Trove    | Got a wavering tin amulet
 69325 | Trove    | Got a sparkling zirconium amulet
 69326 | Trove    | Identified the Handbook of Creative Combat Magic
 69331 | Trove    | Identified the amulet "Edacoc" {Spirit rF+ rC+ rN+ Str-2}
                  | (You found it in a treasure trove)
 69332 | Trove    | Identified the amulet of New Discoveries {Harm *Drain rPois
                  | rC+} (You found it in a treasure trove)
 69903 | Depths:5 | Got a vibrating marble ring
 69905 | Depths:5 | Identified the ring "Unedgh" {rElec rF+ Str+3 Int+3} (You
                  | acquired it on level 5 of the Depths)
 69942 | Zot:1    | Entered Level 1 of the Realm of Zot
 70010 | Zot:1    | Received a gift from Okawaru
 70015 | Zot:1    | Got an ichor-stained plate armour {god gift}
 70016 | Zot:1    | Identified the +9 plate armour of Exclusion {rCorr Dex+2}
                  | (Okawaru gifted it to you on level 1 of the Realm of Zot)
 70057 | Zot:1    | Reached skill level 27 in Fighting
 70125 | Zot:1    | Noticed an orb of fire
 70129 | Zot:1    | Gained mutation: Armour fits poorly on your strangely
                  | shaped body. [an orb of fire]
 70136 | Zot:1    | Killed an orb of fire
 73012 | Zot:2    | Reached skill level 27 in Long Blades
 74109 | Zot:2    | Received a gift from Okawaru
 74112 | Zot:2    | Got a pair of scorched boots {god gift}
 74113 | Zot:2    | Identified the +0 pair of boots of Defence {Slay+2}
                  | (Okawaru gifted it to you on level 2 of the Realm of Zot)
 74456 | Zot:2    | Reached skill level 10 in Dodging
 75550 | Elf:1    | Bought a potion of heal wounds for 80 gold pieces
 75581 | Elf:1    | You are sucked into a shaft and drop 1 floor!
 75594 | Elf:2    | Reached XP level 27. HP: 265/265 MP: 24/24
 76337 | D:10     | Bought 2 potions of haste for 520 gold pieces
 76337 | D:10     | Bought a potion of heal wounds for 130 gold pieces
 76337 | D:10     | Bought a potion of haste for 260 gold pieces
 76429 | D:10     | Bought a potion of haste for 160 gold pieces
 76429 | D:10     | Bought a potion of mutation for 128 gold pieces
 77279 | Pan      | Entered Pandemonium
 77400 | Pan      | Lost intelligence.
 77404 | Pan      | Gained mutation: Your magical capacity is low. (-10% MP) [a
                  | neqoxec]
 77413 | Pan      | Received a gift from Okawaru
 77423 | Pan      | Got a polished hand axe {god gift}
 77806 | Pan      | Noticed Ynykixuw the pandemonium lord
 77817 | Pan      | Killed Ynykixuw the pandemonium lord
 78124 | Pan      | Gained mutation: You occasionally shout uncontrollably at
                  | your foes. [a neqoxec]
 78305 | Pan      | Identified the +6 trident of Tiamaif {pierce, +Fly Str+4}
 78390 | Pan      | Noticed Silots the pandemonium lord
 78408 | Pan      | Killed Silots the pandemonium lord
 79006 | Pan      | Received a gift from Okawaru
 79009 | Pan      | Got a jewelled shield {god gift}
 79020 | Pan      | Identified the +5 shield "Kuss" {rPois Str+4 SInv} (Okawaru
                  | gifted it to you in Pandemonium)
 79412 | Pan      | Found a huge runed translucent gate.
 79413 | Pan      | Found a huge runed translucent gate.
 79414 | Pan      | Found a huge runed translucent gate.
 79415 | Pan      | Found a huge runed translucent gate.
 79416 | Pan      | Found a huge runed translucent gate.
 79425 | Pan      | Found a huge runed translucent gate.
 79510 | Pan      | Found a huge runed translucent gate.
 79511 | Pan      | Noticed Keixiguc the pandemonium lord
 79528 | Pan      | Killed Keixiguc the pandemonium lord
 80062 | Pan      | Reached skill level 5 in Stealth
 80314 | Pan      | Gained mutation: You are frail. (-10% HP) [a cacodemon]
 80711 | Pan      | Entered the realm of Cerebov.
 80990 | Pan      | Identified the +6 sword of Cerebov {flame}
 80990 | Pan      | Noticed Cerebov
 81002 | Pan      | Identified the +6 bardiche of Twilight {flame, Dex+5
                  | Stlth+}
 81019 | Pan      | Killed Cerebov
 81031 | Pan      | Received a gift from Okawaru
 81438 | Pan      | Reached skill level 5 in Invocations
 81463 | Pan      | Identified the +3 hand axe of Eternity {pain, rElec MR++
                  | Str+4 Dex-4} (Okawaru gifted it to you in Pandemonium)
 81486 | Pan      | Got a twitching bone ring
 81495 | Pan      | Identified the ring "Ugocuitzi" {rPois Dex+2} (You found it
                  | in Pandemonium)
 81531 | Pan      | Identified the Handbook of Unstable Boosts
 81624 | Pan      | Got a pitted broad axe
 81625 | Pan      | Identified the cursed +0 broad axe of Bloody Death {holy,
                  | Str+5} (You found it in Pandemonium)
 81631 | Pan      | Got a distressingly furry scale mail
 81642 | Pan      | Identified the cursed +0 scale mail "Mezoz" {rC+ Str-3
                  | Dex+4} (You found it in Pandemonium)
 82083 | Pan      | Got a fiery rune of Zot
 82149 | Pan      | Entered the realm of Gloorx Vloq.
 82395 | Pan      | Noticed Gloorx Vloq
 82413 | Pan      | Killed Gloorx Vloq
 82675 | Pan      | Got a dark rune of Zot
 82963 | Pan      | Reached skill level 27 in Armour
 83478 | Pan      | Found an exit through the horrors of the Abyss.
 83796 | Pan      | Took an exit into the Abyss.
 83796 | Abyss:1  | Escaped into the Abyss
 83889 | Abyss:1  | Received a gift from Okawaru
 84088 | Abyss:1  | Gained mutation: You sometimes yell uncontrollably at your
                  | foes. [a neqoxec]
 84095 | Abyss:1  | Gained mutation: You are weak. (Str -2) [a neqoxec]
 84201 | Abyss:1  | Found a corrupted altar of Lugonu.
 84246 | Abyss:1  | Gained mutation: Scrolls take you a little longer to read.
                  | [a neqoxec]
 84335 | Depths:3 | Escaped the Abyss
 85042 | Slime:1  | Entered Level 1 of the Pits of Slime
 85042 | Slime:1  | Found a viscous altar of Jiyva.
 85314 | Slime:5  | Entered Level 5 of the Pits of Slime
 85316 | Slime:5  | Lost intelligence.
 85316 | Slime:5  | Gained mutation: You are dopey. (Int -2) [a shining eye]
 85318 | Slime:5  | Noticed Dissolution
 85318 | Slime:5  | Gained mutation: Your spells are a little easier to cast,
                  | but a little less powerful. [a shining eye]
 85513 | Slime:4  | Killed Dissolution
 85713 | Slime:5  | Reached skill level 10 in Invocations
 85725 | Slime:5  | Received a gift from Okawaru
 85890 | Slime:5  | Reached skill level 10 in Stealth
 85915 | Slime:5  | Noticed the Royal Jelly
 85922 | Slime:5  | Killed the Royal Jelly
 85922 | Slime:5  | Received a gift from Okawaru
 85943 | Slime:5  | Got a transparent crystal plate armour {god gift}
 85973 | Slime:5  | Found the macabre finger necklace {rN+}
 86007 | Slime:5  | Got a coiled granite ring
 86038 | Slime:5  | Got a slimy rune of Zot
 86078 | Slime:5  | Reached skill level 5 in Evocations
 86084 | Slime:5  | Got a faintly humming cloak
 86090 | Slime:5  | Identified Bupolikk's Incunabulum of Unholy Transmutation
 86102 | Slime:5  | Got a translucent granite ring
 86106 | Slime:5  | Got a jewelled chain mail
 86150 | Slime:5  | Identified the +1 crystal plate armour of Forking Paths
                  | {rN+ MR+} (Okawaru gifted it to you on level 5 of the Pits
                  | of Slime)
 86171 | Slime:5  | Identified the +3 cloak of Pios {rPois MR++ Str-3 Dex+3}
                  | (You found it on level 5 of the Pits of Slime)
 86184 | Slime:5  | Identified the +3 chain mail "Rugrylit" {MR+} (You found it
                  | on level 5 of the Pits of Slime)
 86214 | Slime:5  | Identified the ring "Riumudal" {rCorr Dex+5} (You found it
                  | on level 5 of the Pits of Slime)
 86216 | Slime:5  | Identified the cursed ring of Esseer {rPois rC+ Str-2
                  | Stlth-} (You found it on level 5 of the Pits of Slime)
 86225 | Slime:5  | Got a scorched platinum amulet
 86233 | Slime:5  | Identified the amulet "Vonutaipn" {Gourm rPois rF+ Dex-3}
                  | (You acquired it on level 5 of the Pits of Slime)
 86657 | Lair:1   | Lost mutation: You are dopey. (Int -2) [potion of mutation]
 86657 | Lair:1   | Lost mutation: Scrolls take you a little longer to read.
                  | [potion of mutation]
 86657 | Lair:1   | Gained mutation: You possess an exceptional clarity of
                  | mind. [potion of mutation]
 86657 | Lair:1   | Gained mutation: You are partially covered in icy blue
                  | scales. (AC +2) [potion of mutation]
 86659 | Lair:1   | Lost mutation: You possess an exceptional clarity of mind.
                  | [potion of mutation]
 86659 | Lair:1   | Lost mutation: You are weak. (Str -2) [potion of mutation]
 86659 | Lair:1   | Lost mutation: You sometimes yell uncontrollably at your
                  | foes. [potion of mutation]
 86659 | Lair:1   | Lost mutation: You are frail. (-10% HP) [potion of
                  | mutation]
 86659 | Lair:1   | Lost mutation: Your magical capacity is low. (-10% MP)
                  | [potion of mutation]
 86659 | Lair:1   | Gained mutation: Your natural rate of healing is unusually
                  | fast. [potion of mutation]
 87006 | Hell     | Entered the Vestibule of Hell
 87006 | Hell     | Noticed Geryon
 87152 | Hell     | HP: 2/273 [smoke demon/divine providence (15)]
 87792 | Hell     | Killed Geryon
 87864 | Hell     | Found a gateway to the ashen valley of Gehenna.
 87959 | Hell     | Found a gateway to the decaying netherworld of Tartarus.
 88036 | Hell     | Found a gateway to the freezing wastes of Cocytus.
 88126 | Hell     | Found a gateway to the Iron City of Dis.
 88544 | D:10     | Bought an uncursed ring of see invisible for 195 gold
                  | pieces
 88595 | D:10     | Bought a runed scarf for 240 gold pieces
 88997 | Coc:1    | Entered Level 1 of Cocytus
 89168 | Coc:4    | Received a gift from Okawaru
 89454 | Coc:7    | Entered Level 7 of Cocytus
 90961 | Coc:7    | Reached skill level 15 in Dodging
 91088 | Coc:7    | Received a gift from Okawaru
 91451 | Coc:7    | Reached skill level 15 in Invocations
 91785 | Coc:7    | Got a coiled graven amulet
 91856 | Coc:7    | Noticed Antaeus
 91898 | Coc:7    | Killed Antaeus
 91915 | Coc:7    | Got an icy rune of Zot
 92059 | Coc:7    | Identified the amulet of Ceprur {Faith +Blink Dex+3} (You
                  | found it on level 7 of Cocytus)
 93366 | Zig:1    | Entered Level 1 of a ziggurat
 93366 | Zig:1    | Noticed Ruirphit the pandemonium lord
 93380 | Zig:1    | Killed Ruirphit the pandemonium lord
 93416 | Zig:2    | Entered Level 2 of a ziggurat
 93471 | Zig:3    | Entered Level 3 of a ziggurat
 93538 | Zig:4    | Entered Level 4 of a ziggurat
 93562 | Zig:4    | Got brightly glowing storm dragon scales
 93569 | Zig:4    | Identified the +6 storm dragon scales of Itan {rElec rC++
                  | Int-2} (You found it on level 4 of a ziggurat)
 93637 | Zig:4    | Got a jet-encrusted ring mail
 93741 | Zig:5    | Entered Level 5 of a ziggurat
 93742 | Zig:5    | Noticed Plog the pandemonium lord
 93755 | Zig:5    | Killed Plog the pandemonium lord
 93797 | Zig:5    | Identified the cursed +1 ring mail of Citih {rPois rF- rN++
                  | Slay+3} (You found it on level 4 of a ziggurat)
 94011 | Zig:6    | Entered Level 6 of a ziggurat
 94080 | Zig:6    | Reached skill level 1 in Crossbows
 94080 | Zig:6    | Reached skill level 1 in Throwing
 94080 | Zig:6    | Reached skill level 1 in Unarmed Combat
 94080 | Zig:6    | Reached skill level 1 in Spellcasting
 94086 | Zig:6    | Got a sparkling ruby amulet
 94090 | Zig:6    | Identified the amulet of Autotheism {RegenMP rPois rF+
                  | Int+3 Stlth+} (You found it on level 6 of a ziggurat)
 94097 | Zig:6    | Got a faintly glowing halberd
 94330 | Zig:7    | Entered Level 7 of a ziggurat
 94540 | Zig:8    | Entered Level 8 of a ziggurat
 94546 | Zig:8    | Noticed an ancient lich
 94563 | Zig:8    | Killed an ancient lich
 94613 | Zig:8    | Got an ichor-stained spear
 94640 | Zig:8    | Identified the +7 halberd "Romuosm" {freeze, Str+4} (You
                  | found it on level 6 of a ziggurat)
 94643 | Zig:8    | Identified the +10 spear "Daditora" {chaos, rC- Str+5 Int+2
                  | Stlth-} (You found it on level 8 of a ziggurat)
 94819 | Zig:9    | Entered Level 9 of a ziggurat
 94861 | Zig:9    | Received a gift from Okawaru
 95092 | Zig:9    | Got a warped lead amulet
 95105 | Zig:9    | Got a faintly humming chain mail
 95117 | Zig:9    | Identified the amulet of Nabluv Pol {+Rage MR+ Int+2} (You
                  | found it on level 9 of a ziggurat)
 95269 | Zig:10   | Entered Level 10 of a ziggurat
 95376 | Zig:11   | Entered Level 11 of a ziggurat
 95637 | Zig:11   | Got a coiled zirconium amulet
 95639 | Zig:11   | Identified the amulet of Yna Bane {Gourm rF++ MR+ Str+2
                  | Dex-2} (You found it on level 11 of a ziggurat)
 95940 | Zig:12   | Entered Level 12 of a ziggurat
 95960 | Zig:12   | Gained mutation: Scrolls take you a little longer to read.
                  | [a neqoxec]
 95964 | Zig:12   | Noticed a greater mummy
 95964 | Zig:12   | Noticed a greater mummy
 95969 | Zig:12   | Noticed a greater mummy
 95969 | Zig:12   | Noticed a greater mummy
 95974 | Zig:12   | Killed a greater mummy
 95978 | Zig:12   | Killed a greater mummy
 95979 | Zig:12   | Received a gift from Okawaru
 95984 | Zig:12   | Killed a greater mummy
 95987 | Zig:12   | Killed a greater mummy
 96012 | Zig:12   | Found the +7 Spriggan's Knife {stab, EV+4 Stlth+}
 96253 | Zig:13   | Entered Level 13 of a ziggurat
 96291 | Zig:13   | Received a gift from Okawaru
 96790 | Zig:13   | Found the +11 plutonium sword {*Contam Stlth-}
 96797 | Zig:13   | Identified Foleatro's Mastering Spellweaving
 96814 | Zig:13   | Identified the +12 chain mail of Pride {-Tele Str+7} (You
                  | found it on level 9 of a ziggurat)
 96854 | Zig:13   | Got a brightly glowing tin ring
 96859 | Zig:13   | Identified the ring of Departure {-Tele +Fly Int+5 Dex+3}
                  | (You acquired it on level 13 of a ziggurat)
 96862 | Zig:13   | Got a fine large shield
 96873 | Zig:13   | Identified the +2 large shield of the Alphagorgon {MR+}
                  | (You acquired it on level 13 of a ziggurat)
 96899 | Zig:13   | Got a warped long sword
 96900 | Zig:13   | Identified the +5 long sword "Moklihac" {drain, rC+} (You
                  | found it on level 13 of a ziggurat)
 96920 | Zig:14   | Entered Level 14 of a ziggurat
 96947 | Zig:14   | Noticed an ancient lich
 96960 | Zig:14   | Killed an ancient lich
 97026 | Zig:14   | Identified Tuisk's Almanac of Congealing Sinister Secrets
 97037 | Zig:14   | Identified Xurikiloi's Grimoire of Shifting Glamour
 97081 | Zig:14   | Reached skill level 15 in Stealth
 97109 | Zig:15   | Entered Level 15 of a ziggurat
 97153 | Zig:15   | Received a gift from Okawaru
 97339 | Zig:15   | Got a translucent hat {god gift}
 97351 | Zig:15   | Identified the +0 hat of Freedom {rCorr} (Okawaru gifted it
                  | to you on level 15 of a ziggurat)
 97392 | Zig:15   | Identified the Reference Book on Battle Magic
 97424 | Zig:15   | Got a pitted golden ring
 97425 | Zig:15   | Identified the ring of Nathiemn {rPois MR++} (You found it
                  | on level 15 of a ziggurat)
 97429 | Zig:15   | Got an ancient ivory amulet
 97431 | Zig:15   | Identified the amulet of Doubts {RegenMP rC++} (You found
                  | it on level 15 of a ziggurat)
 97453 | Zig:16   | Entered Level 16 of a ziggurat
 97659 | Zig:16   | Identified the Guide on Protection and Changing
 97664 | Zig:16   | Identified Uwattix's Almanac of the Traveller
 97667 | Zig:16   | Got a heavily runed golden ring
 97671 | Zig:16   | Lost intelligence.
 97671 | Zig:16   | Identified the ring of the Dozen Wishes {Fire +Inv rN+
                  | Int-5 Dex+4} (You found it on level 16 of a ziggurat)
 97687 | Zig:16   | Got a pair of transparent gloves
 97703 | Zig:16   | Identified the cursed +0 pair of gloves "Qiont" {Str+3
                  | Slay+2} (You found it on level 16 of a ziggurat)
 97714 | Zig:16   | Identified the Compendium of the Rocks and Dislocation
 97723 | Zig:16   | Got a scorched hand axe
 97724 | Zig:16   | Identified the cursed +0 hand axe of Tumult {venom, rC+}
                  | (You found it on level 16 of a ziggurat)
 97736 | Zig:16   | Got a crystal dagger
 97739 | Zig:16   | Identified the +8 dagger "Daakiyd" {pierce, +Rage Stlth+}
                  | (You found it on level 16 of a ziggurat)
 97761 | Zig:17   | Entered Level 17 of a ziggurat
 97974 | Zig:17   | Found the +3 hat of Pondering {ponderous, MR+ MP+10 Int+5}
 98162 | Zig:17   | Got a shimmering dagger
 98163 | Zig:17   | Identified the +8 dagger "Vyuff" {venom, rElec rC+ Int+6
                  | Dex+3} (You found it on level 17 of a ziggurat)
 98373 | Zig:18   | Entered Level 18 of a ziggurat
 98518 | Zig:18   | Found the +3 warlock's mirror {reflect}
 98521 | Zig:18   | Got a smoking iron ring
 98526 | Zig:18   | Lost intelligence.
 98526 | Zig:18   | Identified the ring of Ashenzari's Hope {Fire MR+ Int-5
                  | Slay+4} (You found it on level 18 of a ziggurat)
 98607 | Zig:18   | Identified The Advanced Guide to Witchcraft
 98663 | Zig:19   | Entered Level 19 of a ziggurat
 98693 | Zig:19   | Received a gift from Okawaru
 98858 | Zig:19   | Identified Sif Muna's Tome of the Supportive Oath
 98917 | Zig:20   | Entered Level 20 of a ziggurat
 98940 | Zig:20   | Noticed Fasimawk the pandemonium lord
 98961 | Zig:20   | Gained mutation: You are clumsy. (Dex -2) [a cacodemon]
 98968 | Zig:20   | Killed Fasimawk the pandemonium lord
 98973 | Zig:20   | HP: 9/273 [gelid warmonger/+1 demon blade of draining (13)]
 98980 | Zig:20   | Received a gift from Okawaru
 99387 | Zig:20   | Got a warped falchion
 99391 | Zig:20   | Identified the +6 falchion "Liseruif" {slice, +Fly Int+2}
                  | (You found it on level 20 of a ziggurat)
 99405 | Zig:20   | Got a bronze plate armour
 99413 | Zig:20   | Identified the +9 plate armour "Guwnyluz" {Dex+3} (You
                  | found it on level 20 of a ziggurat)
 99433 | Zig:20   | Got a slimy war axe
 99434 | Zig:20   | Identified the +7 war axe "Loss" {drain, *Corrode Int+4
                  | Dex+4} (You found it on level 20 of a ziggurat)
 99649 | Zig:21   | Entered Level 21 of a ziggurat
 99754 | Zig:21   | Received a gift from Okawaru
 99766 | Zig:21   | Reached skill level 5 in Unarmed Combat
 99773 | Zig:21   | Noticed an ancient lich
 99774 | Zig:21   | Noticed an ancient lich
 99782 | Zig:21   | Cast into level 2 of the Abyss (a deep elf sorcerer)
100267 | Zig:21   | Escaped the Abyss
100280 | Zig:21   | Received a gift from Okawaru
100281 | Zig:21   | Killed an ancient lich
100292 | Zig:21   | Killed an ancient lich
100292 | Zig:21   | Received a gift from Okawaru
100330 | Zig:21   | Identified the Collected Works on Fetching Creation
100524 | Zig:21   | Got a vibrating bronze amulet
100530 | Zig:21   | Identified the amulet of the Thoughtful Tales {Acrobat
                  | Str+3} (You found it on level 21 of a ziggurat)
100559 | Zig:21   | Got a glittering marble ring
100560 | Zig:21   | Identified the cursed ring of the Turtledove {*Drain rElec
                  | rPois Int+9 Dex-2} (You found it on level 21 of a ziggurat)
100566 | Zig:21   | Got a dazzling double sword
100567 | Zig:21   | Identified the +12 double sword "Noast" {slice, MR+} (You
                  | found it on level 21 of a ziggurat)
101049 | Zig:22   | Entered Level 22 of a ziggurat
101121 | Zig:22   | Received a gift from Okawaru
101121 | Zig:22   | Reached skill level 10 in Unarmed Combat
101213 | Zig:22   | Received a gift from Okawaru
101588 | Zig:22   | Identified the Papyrus of the Destructive Blaze
101646 | Zig:22   | Got a scintillating steel ring
101648 | Zig:22   | Identified the ring "Vynwah" {*Contam Str+4 Int+3 Dex+3}
                  | (You found it on level 22 of a ziggurat)
101785 | Zig:22   | Reached skill level 5 in Crossbows
101796 | Zig:23   | Entered Level 23 of a ziggurat
102279 | Zig:23   | Got a scintillating amethyst amulet
102283 | Zig:23   | Identified the amulet "Hifigyn" {Spirit Int+4} (You found
                  | it on level 23 of a ziggurat)
102303 | Zig:23   | Got a faintly glowing jade amulet
102308 | Zig:23   | Identified the amulet "Gothieq" {Inacc *Drain +Blink Str+7}
                  | (You found it on level 23 of a ziggurat)
102323 | Zig:23   | Reached skill level 5 in Throwing
102331 | Zig:23   | Got a transparent bone ring
102339 | Zig:23   | Identified the ring "Iloinos" {rPois Int+2} (You found it
                  | on level 23 of a ziggurat)
102347 | Zig:23   | Identified the Almanac of Bewitchment
102381 | Zig:23   | Got a brightly glowing flail
102384 | Zig:23   | Identified the +7 flail of the Nexus {elec, Fragile rN++}
                  | (You found it on level 23 of a ziggurat)
102497 | Zig:24   | Entered Level 24 of a ziggurat
102553 | Zig:24   | Received a gift from Okawaru
102601 | Zig:24   | Reached skill level 15 in Unarmed Combat
102632 | Zig:24   | HP: 13/273 [death drake] (9)]
102633 | Zig:24   | HP: 4/273 [shambling mangrove (14)]
102636 | Zig:24   | Slain by a shambling mangrove

Levels and vault maps discovered:
D:1:      dpeg_arrival_rooms_c, layout_loops_ring
D:2:      layout_loops_corners, gammafunk_temple_overflow_pools,
          yredelemnul_forgotten_temple_becter, old_standard_altar, first_ration,
          chequers_ecumenical_altar_grove, okawaru_metal_pillars_1_2
D:3:      layout_rooms, minmay_strange_pillars, minmay_three_crescents,
          uniq_crazy_yiuf_cottage
D:4:      layout_cave_pools
D:5:      layout_basic
D:6:      layout_basic
D:7:      layout_cave_pools, lemuel_crystal_altar,
          minmay_temple_entry_sparse_star, uniq_joseph, uniq_menkaure
D:8:      layout_layer_cave
D:9:      layout_basic, ashenzari_conservatory_becter, ebering_ghost_gozag,
          special_room [special_room_orc]
D:10:     minmay_the_grid_triangle_9x9_recursive_2
          [minmay_the_grid_triangle_9x9_prize_special,
          minmay_the_grid_triangle_9x9_sprig,
          minmay_the_grid_triangle_9x9_alien,
          minmay_the_grid_triangle_9x9_descending_squares], layout_loops_ring,
          erik_orc_3, serial_shops, nicolae_shop_behind_doors, kennysheep_mini,
          nicolae_shop_trees, nicolae_shop_behind_doors,
          nicolae_shop_window_shopping, nicolae_ru_sacrificial_ziggurat
D:11:     layout_rooms, minmay_lair_entry_grove, gauntlet_entry_generic,
          hangedman_fish_farm
D:12:     layout_rooms, serial_shops, shop_coins, nicolae_gozag_seed_capital,
          uniq_nergalle
D:13:     layout_gridville
D:14:     layout_loops_ring, hangedman_vaults_entry_quadrant_bands, tso_altar
D:15:     grunt_enter_depths_hoard, layout_irregular_city, serial_bayou_pond_d,
          serial_shops, nicolae_shop_waterfront, uniq_azrael
Temple:   nicolae_temple_elliptical
Lair:1:   layout_regular_city, hibernation_bobbens
Lair:2:   layout_roguey, basic_altar, cheibrodos_lair_reptile_den,
          grunt_megastairs_1
Lair:3:   layout_gridlike, spider_nest_entry_web_field,
          chequers_serial_rivers_small_3, minmay_lair_oklob_items,
          lemuel_oklob_altar
Lair:4:   nzn_motion_control, layout_misc_corridors,
          minmay_shoals_entry_centaurs, grunt_forest_stairs_basic,
          serial_bayou_pond_d
Lair:5:   layout_cave_pods, dpeg_slime_entry_corner, lemuel_fruit_tree
Lair:6:   due_jungle_book, layout_regular_city, basic_altar
Shoals:1: layout_shoals, nicolae_shoals_so_close, uniq_jorgrun
Shoals:2: layout_shoals, gammafunk_ghost_arena, nicolae_shoals_square_sea_wall,
          nicolae_shoals_hunting_party
Shoals:3: layout_shoals, kb_tengu_band
Shoals:4: shoals_end_grunt_ice, layout_shoals, lemuel_centaur_altar,
          uniq_bai_suzhen
Spider:1: layout_spider_delve, drop_trap, nicolae_looking_at_the_future,
          uniq_roxanne
Spider:2: layout_spider_delve, gammafunk_ghost_necromancy
Spider:3: layout_spider_delve, special_room
Spider:4: spider_rune_water
Slime:1:  layout_caves, basic_altar
Slime:2:  layout_caves
Slime:3:  layout_caves
Slime:4:  layout_caves
Slime:5:  uniq_dissolution
Orc:1:    layout_diamond_mine, serial_shops, nicolae_shop_trees
Orc:2:    st_orc_mages, layout_caves, serial_shops, shop, shop,
          nicolae_shop_overgrown_old_shop, mines1_david, uniq_snorg,
          uniq_donald, uniq_urug
Elf:1:    elf_arrival_001, layout_geoelf_octagon, serial_shops, shop,
          kennysheep_underground_church, serial_sigils_hangedman_writhe
Elf:2:    layout_geoelf_diagonals, minivault_26, uniq_agnes
Elf:3:    minmay_elf_hall_statues, layout_geoelf_castle, minmay_shop_mass,
          drop_trap, nrook_uturn
Vaults:1: gammafunk_vaults_ghost_tricky_traps, nicolae_vaults_rhombus_6,
          nicolae_vaults_circle_grid_a, hangedman_vaults_capsules,
          hangedman_vaults_variations, hangedman_vaults_unwind,
          vaults_mumra_lcd, st_octagons_2, v_misc_5, nicolae_vaults_asterisk,
          nicolae_vaults_network_barrier, vaults_room_grunt_arrival_ludios,
          layout_vaults_maze_bifur, uniq_nikola
Vaults:2: v_misc_11, vaults_room_large_hall, hangedman_vaults_nodes, v_misc_18,
          nicolae_vaults_angled_halls, ontoclasm_vaults_gateway,
          nicolae_vaults_display_case, nicolae_vaults_sealed_display,
          nicolae_vaults_little_ls, nicolae_vaults_yaktaur_gun_rack,
          vaults_room_fours, ontoclasm_vaults_decontamination,
          layout_vaults_big_room
Vaults:3: advil_vaults_ghost_lines, grunt_vaults_twisty, hangedman_vaults_nails,
          nicolae_vaults_murderbox, minmay_crypt_entry_simple_sparse,
          vaults_standard_mumra_lines, ontoclasm_vaults_ring_square,
          hangedman_vaults_nails, serial_ice_h, ontoclasm_vaults_eye,
          v_pattern_1, layout_vaults_omnigrid, uniq_mennas, uniq_frederick
Vaults:4: hangedman_vaults_stretched_pinwheel, v_misc_26,
          nicolae_vaults_know_your_exits, hangedman_vaults_hat,
          vaults_dpeg_ring, grunt_vaults_bifocal, v_rooms_5,
          ontoclasm_vaults_bender, hangedman_vaults_nails, v_pattern_3,
          nicolae_vaults_little_squares_2, vaults_room_stairs_pillars,
          hangedman_vaults_slice, vaults_dpeg_hooks, layout_vaults_omnicross,
          uniq_saint_roka, uniq_jory
Vaults:5: serial_shops
Crypt:1:  layout_misc_corridors, lemuel_statue_altar,
          grunt_crypt_arrival_guarded_gate
Crypt:2:  layout_chaotic_city, uniq_sojobo
Crypt:3:  cryptofortress_bobbens
Depths:1: layout_roguey, enter_ziggurat_e, hangedman_tar_grid_catacomb,
          nicolae_trove_entry_diagonal, serial_shops, statue_bzr,
          serial_bayou_pond_a, minmay_guarded_unrand_robustness,
          serial_bayou_shore_b
Depths:2: minmay_quantized_circle, layout_cave_shapes, hell_entry
Depths:3: abrahamwl_protected_by_tso_3, layout_small_grid, hell_entry,
          rand_demon_pan_entry_1, minmay_staircase_statues_hall_small,
          minmay_crystal_room
Depths:4: regret_index_qazlal_generations, layout_basic, hell_entry,
          abyss_entry, uniq_mara
Depths:5: grunt_x_marks_the_spot, layout_small_grid, hell_entry,
          serial_bayou_ford_a
Hell
Coc:1:    layout_ice_bergs
Coc:2:    layout_cocytus_water_paths
Coc:3:    layout_cocytus_water_paths
Coc:4:    layout_ice_bergs
Coc:5:    layout_ice_bergs
Coc:6:    layout_cocytus_water_paths
Coc:7:    coc_old
Zot:1:    lemuel_draconian_sentries, layout_misc_corridors, grunt_megastairs_2
Zot:2:    layout_onion
Zig:24

Skill      XL: |  1  2  3  4  5  6  7  8  9 10 11 12 13 14 15 16 17 18 19 20 21 22 23 24 25 26 27 |
---------------+----------------------------------------------------------------------------------+-----
Shields        | 4 5 6 7 8 10 12 13 14 16 17 19 20 21 23 24 25 26 27 | 27.0
Armour         | 4 5 7 8 9 10 12 13 14 15 16 17 18 19 20 21 23 27 | 27.0
Fighting       | 4 5 6 7 8 10 12 13 14 15 17 18 19 20 21 22 23 25 26 27 | 27.0
Long Blades    | 3 4 5 6 7 9 11 12 13 14 15 16 17 18 19 20 21 23 24 25 27 | 27.0
Dodging        | 1 2 3 4 5 6 7 8 9 10 17 | 17.8
Stealth        | 1 2 3 15 | 15.5
Invocations    | 1 2 3 26 | 26.0
Short Blades   | 7 9 |  9.5
Evocations     | 1 2 3 9 |  9.5
Crossbows      | 6 |  6.7
Throwing       | 5 |  5.0
Unarmed Combat | 15 | 15.4
Spellcasting   | 3 |  3.3
Bows           | 3 |  3.5

Action                   |  1- 3 |  4- 6 |  7- 9 | 10-12 | 13-15 | 16-18 | 19-21 | 22-24 | 25-27 || total
-------------------------+-------+-------+-------+-------+-------+-------+-------+-------+-------++-------
Melee: Long sword        |   112 |   160 |   341 |   594 |    96 |       |       |       |       ||  1303
       Headbutt          |    15 |    36 |    71 |   171 |   464 |   476 |   499 |   533 |  1229 ||  3494
       Short sword       |       |       |       |   325 |   193 |       |       |       |       ||   518
       Demon blade       |       |       |       |       |   792 |  1400 |  1447 |   648 |       ||  4287
       Dagger            |       |       |       |       |    24 |       |       |       |       ||    24
       Falchion          |       |       |       |       |   213 |       |       |       |       ||   213
       Eudemon blade     |       |       |       |       |       |       |       |   518 |   878 ||  1396
       Double sword      |       |       |       |       |       |       |       |   199 |  2559 ||  2758
       Unarmed           |       |       |       |       |       |       |       |       |    92 ||    92
 Fire: Hand crossbow     |       |       |       |       |       |       |       |       |     4 ||     4
Invok: Heroism           |       |       |       |    14 |     4 |     8 |     9 |       |    39 ||    74
       Finesse           |       |       |       |     1 |       |       |     1 |       |    14 ||    16
Evoke: Wand              |       |     1 |       |       |     6 |       |     1 |     7 |     4 ||    19
       Box of beasts     |       |       |       |       |       |       |       |       |     2 ||     2
       Fan of gales      |       |       |       |       |       |       |       |       |     1 ||     1
  Use: Scroll            |       |       |     6 |    12 |    11 |    15 |     7 |     9 |    63 ||   123
       Potion            |       |       |       |     6 |     1 |     2 |     9 |       |    75 ||    93
 Stab: Confused          |       |       |       |       |       |     2 |       |       |       ||     2
       Distracted        |       |       |       |       |       |       |     1 |       |     1 ||     2
       Paralysed         |       |       |       |       |       |       |       |       |     1 ||     1
  Eat: Chunk             |     2 |     5 |    12 |    23 |    27 |    31 |    24 |    22 |   129 ||   275
       Ration            |       |       |       |     1 |     6 |     3 |     3 |     4 |    21 ||    38
Armor: Scale mail        |    85 |    25 |       |       |       |       |       |       |       ||   110
       Chain mail        |       |    58 |    46 |       |       |   693 |       |       |       ||   797
       Plate armour      |       |       |   126 |   448 |   614 |    19 |   483 |   620 |   538 ||  2848
       Crystal plate arm |       |       |       |       |       |       |   173 |       |  1268 ||  1441
Dodge: Dodged            |    53 |    43 |    83 |   177 |   327 |   596 |   373 |   465 |  1795 ||  3912
       Deflected         |       |       |       |       |    10 |       |       |       |       ||    10
Block: Shield            |    72 |    77 |   147 |   553 |   875 |  1169 |  1194 |  1215 |  3597 ||  8899
       Buckler           |       |       |       |       |       |       |       |       |   344 ||   344
       Reflection        |       |       |       |       |       |       |       |       |    50 ||    50
       Rpst.: Long sword |    13 |    11 |    20 |    23 |     5 |       |       |       |       ||    72
       Demon blade       |       |       |       |       |    43 |   103 |    57 |    40 |       ||   243
       Falchion          |       |       |       |       |    13 |       |       |       |       ||    13
       Eudemon blade     |       |       |       |       |       |       |       |    32 |    81 ||   113
       Double sword      |       |       |       |       |       |       |       |    12 |   188 ||   200

Table legend:
 A = Non-vault XP
 B = Vault XP
 C = Vault XP percentage of total XP
 D = Non-vault monster count
 E = Vault monster count
 F = Vault count percentage of total count
                 A         B        C        D         E       F
            +---------+---------+-------+---------+---------+-------
      Total | 1951868 |  986835 |  33.6 |    2861 |    1058 |  27.0
            +---------+---------+-------+---------+---------+-------
        D:1 |      66 |       0 |   0.0 |      31 |       0 |   0.0
        D:2 |      48 |       1 |   2.0 |      19 |       1 |   5.0
        D:3 |     227 |      51 |  18.3 |      26 |       7 |  21.2
        D:4 |     429 |       0 |   0.0 |      16 |       0 |   0.0
        D:5 |     513 |       0 |   0.0 |      24 |       0 |   0.0
        D:6 |    1118 |       0 |   0.0 |      23 |       0 |   0.0
        D:7 |    1133 |     595 |  34.4 |      12 |       2 |  14.3
        D:8 |    1546 |       0 |   0.0 |      31 |       0 |   0.0
        D:9 |    1244 |    2048 |  62.2 |      23 |      28 |  54.9
       D:10 |    4512 |    4337 |  49.0 |      20 |      33 |  62.3
       D:11 |    7000 |    2292 |  24.7 |      33 |      13 |  28.3
       D:12 |    3673 |     828 |  18.4 |      36 |       1 |   2.7
       D:13 |    8758 |       0 |   0.0 |      25 |       0 |   0.0
       D:14 |   11651 |    5257 |  31.1 |      42 |      19 |  31.1
       D:15 |   16115 |    4285 |  21.0 |      44 |       8 |  15.4
     Lair:1 |    3553 |     418 |  10.5 |      12 |       1 |   7.7
     Lair:2 |    5895 |    1188 |  16.8 |      24 |       3 |  11.1
     Lair:3 |    6031 |    2605 |  30.2 |      24 |       4 |  14.3
     Lair:4 |    5156 |    1151 |  18.2 |      15 |       3 |  16.7
     Lair:5 |    7330 |       0 |   0.0 |      19 |       0 |   0.0
     Lair:6 |   16288 |    2927 |  15.2 |      42 |       5 |  10.6
   Shoals:1 |   11576 |    2999 |  20.6 |      24 |       2 |   7.7
   Shoals:2 |    4450 |    9738 |  68.6 |      10 |      15 |  60.0
   Shoals:3 |   13099 |    1218 |   8.5 |      25 |       2 |   7.4
   Shoals:4 |   11531 |   28988 |  71.5 |      23 |      41 |  64.1
   Spider:1 |   12457 |    3786 |  23.3 |      36 |      16 |  30.8
   Spider:2 |   14130 |    5289 |  27.2 |      42 |      12 |  22.2
   Spider:3 |    5606 |       0 |   0.0 |      18 |       0 |   0.0
   Spider:4 |   24731 |   21121 |  46.1 |      54 |      38 |  41.3
    Slime:1 |    5985 |       0 |   0.0 |       8 |       0 |   0.0
    Slime:2 |    7024 |       0 |   0.0 |      11 |       0 |   0.0
    Slime:3 |    5547 |       0 |   0.0 |       7 |       0 |   0.0
    Slime:4 |   11115 |   19923 |  64.2 |      19 |       3 |  13.6
    Slime:5 |   16110 |   23068 |  58.9 |      16 |       9 |  36.0
      Orc:1 |    6046 |    2090 |  25.7 |      34 |       2 |   5.6
      Orc:2 |    3116 |    6738 |  68.4 |      24 |      40 |  62.5
      Elf:1 |   15716 |    5596 |  26.3 |      23 |       9 |  28.1
      Elf:2 |   10057 |   29858 |  74.8 |      14 |      33 |  70.2
      Elf:3 |   19955 |   47030 |  70.2 |      38 |      29 |  43.3
   Vaults:1 |   28634 |   46209 |  61.7 |      44 |      61 |  58.1
   Vaults:2 |   32251 |   18568 |  36.5 |      53 |      31 |  36.9
   Vaults:3 |   17471 |   48040 |  73.3 |      34 |      40 |  54.1
   Vaults:4 |   50253 |  106896 |  68.0 |      86 |     102 |  54.3
   Vaults:5 |   40295 |  102546 |  71.8 |      54 |      61 |  53.0
    Crypt:1 |   26502 |       0 |   0.0 |      65 |       0 |   0.0
    Crypt:2 |   45723 |   10258 |  18.3 |      60 |       3 |   4.8
    Crypt:3 |       0 |   65323 | 100.0 |       0 |      92 | 100.0
   Depths:1 |   59259 |   14086 |  19.2 |      89 |      21 |  19.1
   Depths:2 |   24074 |   22457 |  48.3 |      27 |      23 |  46.0
   Depths:3 |   38441 |    4387 |  10.2 |      41 |       6 |  12.8
   Depths:4 |   52579 |   50306 |  48.9 |      64 |      33 |  34.0
   Depths:5 |   40846 |   29621 |  42.0 |      46 |      16 |  25.8
       Hell |   26167 |   21395 |  45.0 |      40 |      40 |  50.0
      Coc:1 |    7682 |       0 |   0.0 |      21 |       0 |   0.0
      Coc:2 |    4135 |       0 |   0.0 |      12 |       0 |   0.0
      Coc:3 |   12911 |       0 |   0.0 |      30 |       0 |   0.0
      Coc:4 |    7388 |       0 |   0.0 |       9 |       0 |   0.0
      Coc:5 |    3479 |       0 |   0.0 |       7 |       0 |   0.0
      Coc:6 |   12522 |       0 |   0.0 |      28 |       0 |   0.0
      Coc:7 |   90098 |   62659 |  41.0 |     101 |      47 |  31.8
      Zot:1 |   31234 |   21184 |  40.4 |      18 |      11 |  37.9
      Zot:2 |   56266 |       0 |   0.0 |      30 |       0 |   0.0
    Abyss:1 |   23396 |       0 |   0.0 |      61 |       0 |   0.0
    Abyss:2 |   16452 |       0 |   0.0 |      37 |       0 |   0.0
        Pan |  155653 |  121324 |  43.8 |     181 |      79 |  30.4
      Zig:1 |    5455 |       0 |   0.0 |       1 |       0 |   0.0
      Zig:2 |    2823 |       0 |   0.0 |       5 |       0 |   0.0
      Zig:3 |    3115 |       0 |   0.0 |       4 |       0 |   0.0
      Zig:4 |    2622 |       0 |   0.0 |       7 |       0 |   0.0
      Zig:5 |   12044 |       0 |   0.0 |       5 |       0 |   0.0
      Zig:6 |    5993 |       0 |   0.0 |      10 |       0 |   0.0
      Zig:7 |    5942 |       0 |   0.0 |      10 |       0 |   0.0
      Zig:8 |   22764 |       0 |   0.0 |       9 |       0 |   0.0
      Zig:9 |   18398 |    2046 |  10.0 |      12 |       4 |  25.0
     Zig:10 |   13351 |       0 |   0.0 |      26 |       0 |   0.0
     Zig:11 |   25330 |       0 |   0.0 |      16 |       0 |   0.0
     Zig:12 |   34509 |       0 |   0.0 |      28 |       0 |   0.0
     Zig:13 |   32058 |       0 |   0.0 |      18 |       0 |   0.0
     Zig:14 |   39527 |       0 |   0.0 |      20 |       0 |   0.0
     Zig:15 |   37429 |       0 |   0.0 |      23 |       0 |   0.0
     Zig:16 |   29736 |       0 |   0.0 |      45 |       0 |   0.0
     Zig:17 |   36195 |       0 |   0.0 |      37 |       0 |   0.0
     Zig:18 |   43043 |       0 |   0.0 |      50 |       0 |   0.0
     Zig:19 |   35546 |       0 |   0.0 |      46 |       0 |   0.0
     Zig:20 |   71495 |       0 |   0.0 |      46 |       0 |   0.0
     Zig:21 |   70438 |       0 |   0.0 |      48 |       0 |   0.0
     Zig:22 |   42738 |       0 |   0.0 |      56 |       0 |   0.0
     Zig:23 |   70486 |       0 |   0.0 |      71 |       0 |   0.0
     Zig:24 |   86583 |       0 |   0.0 |      63 |       0 |   0.0
   Gauntlet |       0 |    4105 | 100.0 |       0 |       9 | 100.0
            +---------+---------+-------+---------+---------+-------
